 Dungeon Crawl Stone Soup version 0.29.1 (webtiles) character file.

Game seed: 2106478728113956574

529619 qw the Slayer (level 25, 0/183 HPs)
             Began as a Gargoyle Fighter on Sept 13, 2022.
             Was a High Priest of Okawaru.
             Slain by a purple draconian
             ... wielding a +0 halberd
             ... led by a black draconian knight
              (13 damage)
             ... on level 2 of the Realm of Zot.
             The game lasted 00:28:53 (48492 turns).

qw the Slayer (Gargoyle Fighter)                   Turns: 48492, Time: 00:28:53

Health: 0/183      AC: 70    Str: 39      XL:     25   Next: 59%
Magic:  37/39      EV: 12    Int:  6      God:    Okawaru [*****.]
Gold:   1739       SH: 42    Dex: 12 (13) Spells: 24/24 levels left

rFire   + . .      SeeInvis .   w - +6 war axe "Umualu Cinn" {vamp, MP+9}
rCold   + . .      Faith    .   q - +18 shield of the Gong {rElec rN+ Will+ EV-5}
rNeg    + + .      Spirit   .   U - +10 plate armour "Wosohairch" {rPois Str+5}
rPois   inf        Reflect  +   h - +2 helmet
rElec   +          Harm     .   z - +2 cloak "Jiczil" {Dex+4}
rCorr   .          Rampage  .   m - +2 pair of gloves
Will    ++++.                   i - +2 pair of boots
Stlth   ..........              T - amulet "Wuatseod" {Reflect rElec Will+ Int-5 Slay+5 SH+5}
HPRegen 0.40/turn               N - ring of the Octopus King {Fly HP+2 AC+2 EV+2 SH+2}
MPRegen 0.26/turn               C - ring of Nouteet {rPois rF+ Str+4}

@: about to teleport, heroic, flying
A: sickness immunity, AC +19, big wings, negative energy resistance 1,
electricity resistance, torment resistance 1, petrification resistance, cold
resistance 1, deterioration 1, strong-willed 1
}: 3/15 runes: serpentine, barnacled, silver
a: Renounce Religion, Heroism, Finesse, Duel


You were on level 2 of the Realm of Zot.
You worshipped Okawaru.
Okawaru was extremely pleased with you.
You visited 9 branches of the dungeon, and saw 42 of its levels.
You also visited: Sewer and Gauntlet.

You collected 6685 gold pieces.
You spent 4946 gold pieces at shops.


Innate Abilities, Weirdness & Mutations

You are immune to sickness and miasma.
Your stone body is resilient. (AC +19)
You are immune to poison.
Your large and strong wings let you fly.
You resist negative energy. (rN+)
You are resistant to electric shocks. (rElec)
You are resistant to unholy torment.
You are immune to petrification.
Your flesh is cold resistant. (rC+)
Your body sometimes deteriorates upon taking damage.
You are strong-willed. (Will+)


   Skills:
 + Level 25.1(27) Fighting
 - Level 18.0(23.0) Axes
 - Level 15.0(20.0) Throwing
 - Level 22.0(27) Armour
 - Level 10.4(15.4) Dodging
 - Level 19.9(24.9) Shields
 - Level 10.0 Invocations


You had 24 spell levels left.
You didn't know any spells.
Your spell library was empty.

Inventory:

Hand Weapons
 j - a +9 broad axe of draining
 w - the +6 war axe "Umualu Cinn" (weapon) {vamp, MP+9}
   (Okawaru gifted it to you on level 5 of the Vaults)

   It occasionally heals its wielder for a portion of the damage dealt when it
   wounds a living foe.
   MP:        It affects your magic capacity (+9).
Missiles
 t - 56 boomerangs
 y - 10 silver javelins (quivered)
 F - 2 silver boomerangs
 J - 10 boomerangs of dispersal
 O - 9 javelins
Armour
 b - a scarf of resistance
 e - the +0 crystal plate armour of the Carpenter {rN+ rCorr Dex-2}
   (Okawaru gifted it to you on level 1 of the Realm of Zot)

   Dex:       It affects your dexterity (-2).
   rN:        It protects you from negative energy.
   rCorr:     It protects you from acid and corrosion.
 h - a +2 helmet (worn)
 i - a +2 pair of boots (worn)
 m - a +2 pair of gloves (worn)
 q - the +18 shield of the Gong (worn) {rElec rN+ Will+ EV-5}
   (You acquired it on level 3 of the Dungeon)

   It is deafeningly noisy when blocking attacks.
   EV:        It affects your evasion (-5).
   rElec:     It insulates you from electricity.
   rN:        It protects you from negative energy.
   Will:      It increases your willpower.
 x - a +0 tower shield of fire resistance
 z - the +2 cloak "Jiczil" (worn) {Dex+4}
   (You acquired it on level 10 of the Dungeon)

   Dex:       It affects your dexterity (+4).
 K - +3 gold dragon scales
 U - the +10 plate armour "Wosohairch" (worn) {rPois Str+5}
   (You found it on level 5 of the Vaults)

   Str:       It affects your strength (+5).
   rPois:     It protects you from poison.
Jewellery
 A - the ring "Lofeat" {Fire Dex+3}
   (You bought it in a shop on level 11 of the Dungeon)

   [ring of fire]

   It enhances your fire magic.
   Dex:       It affects your dexterity (+3).
   rF:        It protects you from fire.
   rC:        It makes you vulnerable to cold.
 C - the ring of Nouteet (right hand) {rPois rF+ Str+4}
   (You bought it in a shop on level 11 of the Dungeon)

   [ring of protection from fire]

   Str:       It affects your strength (+4).
   rF:        It protects you from fire.
   rPois:     It protects you from poison.
 H - a ring of protection from fire
 I - a ring of ice
 L - a ring of resist corrosion
 M - the ring of the Philosopher {*Corrode rElec rF- rC+ Will+++}
   (You acquired it on level 2 of the Vaults)

   [ring of protection from cold]

   rF:        It makes you vulnerable to fire.
   rC:        It protects you from cold.
   rElec:     It insulates you from electricity.
   *Corrode:  It may corrode you when you take damage.
   Will:      It greatly increases your willpower.
 N - a ring of the Octopus King (left hand) {Fly HP+2 AC+2 EV+2 SH+2}
   (You took it off a deep elf death mage on level 3 of the Depths)

   [ring of flight]

   AC:        It affects your AC (+2).
   EV:        It affects your evasion (+2).
   HP:        It affects your health (+2).
   Fly:       It grants you flight.
   SH:        It affects your SH (+2).
 P - the ring "Xothruv" {rElec rCorr Dex+3}
   (You took it off a naga on level 3 of the Depths)

   [ring of resist corrosion]

   Dex:       It affects your dexterity (+3).
   rElec:     It insulates you from electricity.
   rCorr:     It protects you from acid and corrosion.
 Q - the ring of Fun {rPois rC+ rN++ rCorr Dex-5}
   (You took it off a spriggan berserker on level 3 of the Depths)

   [ring of poison resistance]

   Dex:       It affects your dexterity (-5).
   rC:        It protects you from cold.
   rPois:     It protects you from poison.
   rN:        It greatly protects you from negative energy.
   rCorr:     It protects you from acid and corrosion.
 S - a ring of protection from cold
 T - the amulet "Wuatseod" (around neck) {Reflect rElec Will+ Int-5 Slay+5 SH+5}
   (You took it off a yaktaur captain on level 5 of the Vaults)

   [amulet of reflection]

   It reflects blocked missile attacks.
   Int:       It affects your intelligence (-5).
   Slay:      It affects your accuracy & damage with ranged weapons and melee
   (+5).
   rElec:     It insulates you from electricity.
   SH:        It affects your SH (+5).
   Will:      It increases your willpower.
 Y - a +4 ring of slaying {mikee}
Wands
 n - a wand of digging (25)
Scrolls
 c - 9 scrolls of fog
 f - a scroll of identify
 g - 6 scrolls of blinking
 l - a scroll of enchant armour
 u - 11 scrolls of teleportation
Potions
 a - 12 potions of haste
 d - 5 potions of might
 k - 20 potions of curing
 p - a potion of magic
 r - 7 potions of cancellation
 v - 10 potions of lignification
 B - 10 potions of attraction
 D - 7 potions of mutation
 G - a potion of heal wounds

Dungeon Overview and Level Annotations

Branches:
Dungeon (15/15)            Temple (1/1) D:5            Lair (5/5) D:9
 Shoals (4/4) Lair:3        Snake (4/4) Lair:3        Slime (0/5) Lair:5
    Orc (2/2) D:10            Elf (0/3) Orc:2        Vaults (5/5) D:14
  Crypt (0/3) Vaults:2     Depths (4/4) D:15            Zot (2/5) Depths:4
  Sewer (visited)         Gauntlet (visited)

Altars:
Ashenzari
Cheibriados
Dithmenos
Elyvilon
Fedhas
Gozag
Hepliaklqana
Kikubaaqudgha
Makhleb
Nemelex Xobeh
Okawaru
Qazlal
Ru
Sif Muna
Trog
Uskayaw
Vehumet
Wu Jian
Xom
Yredelemnul
Zin
The Shining One

Shops:
D:4 *   D:10 [*   D:11 =   D:15 =*   Orc:2 [:!(   Vaults:2 =   Vaults:4 [
Depths:3 =

Portals:
Hell: Depths:1 Depths:2 Depths:3 Depths:4
Abyss: Depths:2 Depths:3
Pandemonium: Depths:2
Ziggurat: Depths:3
Trove: D:15 (give +5 demon whip)

Annotations:
D:6 2 transporters, qw's ghost, novice MiBe
D:15 4 transporters
Lair:3 2 transporters, qw's ghost, journeyman GrBe
Snake:1 2 transporters
Snake:3 2 transporters, 3 runed translucent doors, qw's ghost, adept GrBe
Depths:2 1 runed translucent door
Depths:3 2 transporters


Message History

You hear a roar!
48490 ||| INVOKING Heroism.
You gain the combat prowess of a mighty hero.
The white draconian is no longer berserk.
You block the green draconian's attack.
GONNNNG!
You block the purple draconian's attack.
GONNNNG!
The white draconian breathes frost at you.
The blast of cold hits the shadow dragon!
The shadow dragon resists.
The shadow dragon dies!
The blast of cold hits you but does no damage.
The green draconian rages.
You block the green draconian's attack.
GONNNNG!
The swamp drake rages.
You block the purple draconian's attack.
PTOANNNG!
The white draconian closely misses you.
You hear a deafening roar!
You hear a bark!
You hit the green draconian but do no damage.
You block the green draconian's attack.
SHROANNG!
The green draconian hits you with a +0 long sword!!
The green draconian tail-slaps you but does no damage.
The purple draconian hits you from afar with a +0 halberd!
You hear a roar!
48492 ||| READING 12 scrolls of teleportation.
As you read the scroll of teleportation, it crumbles to dust.
You feel strangely unstable.
You feel the Orb delaying your translocation!
You block the green draconian's attack.
GONNNNG!
You block the green draconian's attack.
PANG!
You block the green draconian's attack.
BONNNG!
The purple draconian hits you from afar with a +0 halberd!
You die...

...######.##
.##....
...........#
.ยค#....
...........# ......
...........# #...k
...........#
#..lq####.........#
#.kddd....)...%)..#
#.kyd)###.......).#
#@)####+####)<#
##.#.......#..#
#.#.......#..#
#............#
##...........####
#..............#
##..?......###.#
#.........# #
#.........#


You could see 2 draconians, a purple draconian (berserk), a white draconian
(slow, catching breath), a white draconian stormcaller, a wind drake (summoned,
repels missiles), a lindwurm (summoned, berserk), a moth of wrath, a komodo
dragon (summoned, berserk) and a swamp drake (summoned, berserk).

Vanquished Creatures
  3 dread liches
  An ancient lich (Depths:2)
  An orb of fire (Zot:1)
  Mara (Vaults:4)
  Sojobo (Depths:3)
  Boris (thrice) (Vaults:3 Vaults:4 Depths:3)
  Margery (Vaults:4)
  5 caustic shrikes (Depths:4)
  4 golden dragons
  2 bone dragons (Depths:4)
  5 tentacled monstrosities
  4 liches
  A walking crystal tome (Depths:3)
  A walking earthen tome (Depths:3)
  A walking frostbound tome (Depths:3)
  A walking divine tome (Depths:3)
  6 quicksilver dragons
  2 titans (Vaults:5)
  3 krakens
  Polyphemus (Shoals:4)
  Frances (D:14)
  3 sphinxes
  9 storm dragons
  4 death cobs
  Donald (Snake:1)
  8 shadow dragons
  13 tengu reavers
  4 draconian knights
  2 nagarajas (Snake:4)
  8 frost giants
  8 fire giants
  5 draconian monks
  Louise (Snake:3)
  3 draconian scorchers
  17 vault wardens
  An iron dragon (Vaults:5)
  7 orc warlords
  A draconian shifter (Zot:1)
  A draconian annihilator (Zot:1)
  Aizul (Shoals:1)
  A draconian stormcaller (Zot:1)
  3 spriggan defenders
  3 war gargoyles
  18 stone giants
  21 ironbound preservers
  A vampire knight (Depths:3)
  25 very ugly things
  5 green draconians
  11 ironbound thunderhulks
  3 black draconians
  13 dire elephants (Vaults:1)
  2 entropy weavers
  A deep elf annihilator (Vaults:5)
  4 white draconians
  3 deep elf demonologists (Vaults:5)
  A minotaur (Gauntlet)
  4 purple draconians
  4 yellow draconians
  A spark wasp (shapeshifter) (Depths:3)
  4 spark wasps
  5 red draconians
  10 merfolk impalers
  10 ettins
  4 fire dragons
  4 merfolk javelineers (Shoals:4)
  2 deep elf death magi
  2 deep elf high priests (Vaults:5)
  16 yaktaur captains
  5 great orbs of eyes
  2 rakshasas (Depths:3)
  36 vault guards
  Erolcha (Orc:2)
  A peacekeeper (Vaults:4)
  6 salamander tyrants
  8 ironbound frosthearts
  5 ice dragons
  11 boulder beetles
  2 death knights (Vaults:2)
  11 anacondas
  6 catoblepae
  16 centaur warriors
  12 hydras
  2 alligator snapping turtles
  10 merfolk aquamancers
  3 satyrs (Shoals:3)
  3 two-headed ogres
  7 naga warriors
  6 deep troll earth magi
  9 merfolk avatars
  10 tengu warriors
  3 deep troll shamans
  22 death yaks
  20 hell knights
  3 orc high priests (Orc:2)
  12 naga sharpshooters
  2 hell hogs (Depths:1)
  10 shock serpents
  2 deep elf knights
  A storm dragon zombie (Depths:1)
  10 spriggan berserkers
  3 soul eaters (Depths:1)
  4 sun demons (Depths:1)
  4 skeletal warriors (D:15)
  9 salamander mystics
  14 sea snakes
  A spriggan rider (Depths:1)
  A shadow wraith (Vaults:5)
  A flayed ghost (Depths:3)
  A glowing orange brain (Depths:3)
  8 iron trolls
  Lodul (D:11)
  9 necromancers
  A steelbarb worm (shapeshifter) (Vaults:5)
  A spriggan simulacrum (Depths:1)
  5 phantasmal warriors
  18 ironbound convokers
  72 deep trolls
  4 lindwurms
  4 deep elf pyromancers
  22 orc knights
  2 deep elf archers
  9 wizards
  8 naga ritualists
  A deep elf zephyrmancer (Vaults:4)
  19 mana vipers
  43 harpies
  3 wolf spiders
  4 orc sorcerers
  33 ugly things
  12 manticores
  6 moths of wrath
  8 fauns (Shoals:3)
  25 salamanders
  11 water nymphs
  9 cyclopes
  6 merfolk sirens
  11 guardian serpents
  7 elephants
  20 naga magi
  Joseph (D:9)
  3 smoke demons (Depths:1)
  34 black mambas
  19 vault sentinels
  Psyche (D:8)
  A cane toad (shapeshifter) (Vaults:5)
  15 cane toads
  9 rime drakes
  An efreet (D:14)
  32 yaktaurs
  A hellion (Depths:1)
  12 komodo dragons
  3 unseen horrors
  2 kobold demonologists
  6 tengu conjurers
  A golden dragon simulacrum (Depths:1)
  29 merfolk
  2 polar bears (shapeshifter)
  4 freezing wraiths
  A meliai (shapeshifter) (Depths:2)
  4 trolls
  A tarantella (shapeshifter) (Vaults:5)
  11 polar bears
  Prince Ribbit (D:8)
  A wolf spider simulacrum (D:14)
  2 raiju (Lair:5)
  45 slime creatures
  12 snapping turtles
  6 wind drakes
  4 hornets
  A tarantella (Vaults:5)
  16 blink frogs
  20 dream sheep
  A jumping spider (shapeshifter) (Vaults:5)
  A spriggan (Depths:1)
  A culicivora (shapeshifter) (D:13)
  12 water elementals
  2 culicivoras (Vaults:5)
  2 shadows (D:10)
  3 wraiths
  28 yaks
  11 wyverns
  A vampire (D:14)
  10 redbacks
  9 basilisks
  Eustachio (D:5)
  5 vampire mosquitoes
  A redback (shapeshifter) (Vaults:4)
  11 steam dragons
  Edmund (D:5)
  7 wargs
  2 swamp worms (shapeshifter)
  45 nagas
  3 acid dragons
  24 water moccasins
  15 hell hounds (Lair:5)
  2 floating eyes (Depths:3)
  19 orc warriors
  A sky beast (D:7)
  Pargi (Sewer)
  12 black bears
  2 ice beasts
  14 ogres
  4 centaurs
  27 wolves
  3 phantoms
  4 kobold brigands
  A necrophage (D:5)
  11 bullfrogs
  2 gnoll sergeants
  11 scorpions
  6 wights
  44 killer bees
  3 electric eels
  7 howler monkeys
  5 hounds
  A gnoll bouda (D:7)
  2 jellies
  23 orc priests
  18 orc wizards
  5 iguanas
  12 hell rats (Lair:5)
  Robin (D:3)
  10 adders
  18 gnolls
  5 river rats (Lair:5)
  12 white imps (Orc:2)
  2 ufetubi
  A worm (D:3)
  4 dart slugs
  A dart slug (shapeshifter) (D:14)
  66 orcs
  9 bats
  5 endoplasms
  11 giant cockroaches
  14 goblins
  18 hobgoblins
  4 jackals (D:4)
  29 kobolds
  3 quokkas
  8 ball pythons
  5 frilled lizards
  6 rats
  7 tentacles
1979 creatures vanquished.

Vanquished Creatures (others)
  A shadow dragon (Zot:2)
  An ironbound preserver (Vaults:5)
  A merfolk aquamancer (Shoals:4)
  A naga warrior (Snake:4)
  A wizard (D:14)
  An ironbound convoker (Vaults:1)
  A harpy (Shoals:4)
  A salamander (Snake:2)
  A guardian serpent (Snake:4)
  A rime drake (Lair:3)
  A warg (Vaults:5)
  Blork the orc (D:5)
  2 orc priests
  An orc wizard (D:9)
  4 orcs
  A bush (Lair:5)
  59 fungi
  229 plants
  16 tentacles
  A withered plant (D:12)
325 creatures vanquished.

Grand Total: 2304 creatures vanquished

Notes
Turn   | Place    | Note
-------+----------+-------------------------------------------
     0 | D:1      | qw the Gargoyle Fighter began the quest for the Orb.
     0 | D:1      | Reached XP level 1. HP: 14/14 MP: 1/1
     0 | D:1      | 0 ||| qw: Version: 0.1-a-119-g272c26d
     0 | D:1      | 0 ||| qw: Game counter: 11162
     0 | D:1      | 0 ||| qw: Always use a shield: true
     0 | D:1      | 0 ||| qw: God list: Okawaru
     0 | D:1      | 0 ||| qw: Allow faded altars: false
     0 | D:1      | 0 ||| qw: Do Orc after D:15 true
     0 | D:1      | 0 ||| qw: Do second Lair branch before Depths: true
     0 | D:1      | 0 ||| qw: Lair rune preference: random
     0 | D:1      | 0 ||| qw: Plans: Normal, Zot, God:TSO, Crypt, Tomb, Pan,
                  | Slime, Hells, Zig, Abyss, Orb
     0 | D:1      | 0 ||| PLANNING D:1-11
   257 | D:1      | Reached XP level 2. HP: 13/19 MP: 2/2
   372 | D:1      | 372 ||| Stepping ~*~*~tactically~*~*~ (stealth).
   380 | D:1      | 380 ||| DROPPING +0 club.
   388 | D:1      | 388 ||| Stepping ~*~*~tactically~*~*~ (stealth).
   787 | D:1      | 787 ||| Stepping ~*~*~tactically~*~*~ (hiding).
   800 | D:1      | Reached skill level 3 in Axes
   869 | D:1      | Reached XP level 3. HP: 14/23 MP: 3/3
  1391 | D:1      | 1391 ||| UPGRADING to +0 pair of boots.
  1396 | D:1      | 1396 ||| UPGRADING to +0 pair of gloves.
  1401 | D:1      | 1401 ||| READING scroll labelled ZARPHI CESEM.
  1402 | D:1      | 1402 ||| READING scroll labelled EMESIET HATA.
  1403 | D:1      | 1403 ||| READING scroll labelled CEALORH BOCSO.
  1404 | D:1      | 1404 ||| READING scroll labelled QYRERA XEDDAS.
  1409 | D:1      | 1409 ||| READING scroll labelled REXZARIWONU.
  1410 | D:1      | 1410 ||| READING scroll labelled UPHIOVU ELEFFA.
  1411 | D:1      | 1411 ||| READING 2 scrolls labelled PELYLUNYTU.
  1412 | D:1      | 1412 ||| DROPPING scroll of poison.
  1567 | D:2      | 1567 ||| Stepping ~*~*~tactically~*~*~ (stealth).
  1572 | D:2      | 1572 ||| Stepping ~*~*~tactically~*~*~ (stealth).
  1574 | D:2      | 1574 ||| Stepping ~*~*~tactically~*~*~ (stealth).
  1615 | D:2      | Identified the +7 dagger "Lywkoar" {flame, Int+4}
  1792 | D:2      | 1792 ||| Stepping ~*~*~tactically~*~*~ (stealth).
  1981 | D:2      | 1981 ||| Stepping ~*~*~tactically~*~*~ (stealth).
  2081 | D:2      | 2081 ||| Stepping ~*~*~tactically~*~*~ (hiding).
  2089 | D:2      | Reached XP level 4. HP: 28/28 MP: 4/4
  2520 | D:2      | 2520 ||| UPGRADING to +2 helmet.
  2525 | D:2      | 2525 ||| READING scroll labelled MUTEYN AT ATYM.
  2526 | D:2      | 2526 ||| DRINKING 2 cyan potions.
  2616 | D:3      | 2616 ||| Stepping ~*~*~tactically~*~*~ (stealth).
  2623 | D:3      | Found a faded altar of an unknown god.
  2667 | D:3      | 2667 ||| Stepping ~*~*~tactically~*~*~ (stealth).
  2668 | D:3      | 2668 ||| Stepping ~*~*~tactically~*~*~ (stealth).
  2669 | D:3      | 2669 ||| Stepping ~*~*~tactically~*~*~ (stealth).
  2671 | D:3      | Noticed Robin
  2688 | D:3      | Killed Robin
  2689 | D:3      | Reached XP level 5. HP: 14/32 MP: 5/5
  3320 | D:3      | HP: 8/32 [gnoll/+0 spear (2)]
  3321 | D:3      | 3321 ||| READING scroll of teleportation.
  3322 | D:3      | 3322 ||| DRINKING potion of heal wounds.
  3370 | D:3      | 3370 ||| DROPPING +0 whip.
  3392 | D:3      | 3392 ||| Stepping ~*~*~tactically~*~*~ (hiding).
  3613 | D:3      | 3613 ||| DROPPING amulet of faith.
  3614 | D:3      | 3614 ||| UPGRADING to +4 ring of evasion.
  3615 | D:3      | 3615 ||| READING scroll labelled ROUMEX KEAHA.
  3616 | D:3      | 3616 ||| READING scroll labelled BALISI BUMYHEYCW.
  3616 | D:3      | Identified a scroll of acquirement
  3616 | D:3      | 3616 ||| ACQUIRING +18 shield of the Gong {rElec rN+ Will+
                  | EV-5}
  3616 | D:3      | Acquired the +18 shield of the Gong {rElec rN+ Will+ EV-5}
  3616 | D:3      | Found the +18 shield of the Gong {rElec rN+ Will+ EV-5}
  3618 | D:3      | 3618 ||| UPGRADING to +18 shield of the Gong {rElec rN+
                  | Will+ EV-5}.
  3628 | D:3      | 3628 ||| DROPPING +0 buckler.
  3703 | D:4      | 3703 ||| Stepping ~*~*~tactically~*~*~ (stealth).
  3715 | D:4      | 3715 ||| Stepping ~*~*~tactically~*~*~ (stealth).
  3716 | D:4      | 3716 ||| Stepping ~*~*~tactically~*~*~ (stealth).
  3728 | D:4      | Reached XP level 6. HP: 37/37 MP: 6/6
  3769 | D:4      | 3769 ||| Stepping ~*~*~tactically~*~*~ (stealth).
  3773 | D:4      | 3773 ||| Stepping ~*~*~tactically~*~*~ (stealth).
  3858 | D:4      | Found Gequn's General Store.
  3862 | D:4      | 3862 ||| BUYING 3 scrolls of teleportation (126 gold).
  3862 | D:4      | Bought 3 scrolls of teleportation for 126 gold pieces
  3862 | D:4      | 3862 ||| BUYING potion of lignification (42 gold).
  3862 | D:4      | Bought a potion of lignification for 42 gold pieces
  4177 | D:4      | Reached skill level 4 in Fighting
  4279 | D:4      | 4279 ||| Stepping ~*~*~tactically~*~*~ (stealth).
  4582 | D:4      | 4582 ||| UPGRADING to +0 chain mail of poison resistance.
  4592 | D:4      | 4592 ||| DROPPING +0 scale mail.
  4593 | D:4      | 4593 ||| UPGRADING to amulet of regeneration.
  4598 | D:4      | 4598 ||| READING 3 scrolls labelled IBURHO ADEGA.
  4599 | D:4      | 4599 ||| DRINKING 4 fizzy dark potions.
  4640 | D:5      | Entered Level 5 of the Dungeon
  4651 | D:5      | Noticed a water moccasin
  4653 | D:5      | Reached XP level 7. HP: 42/43 MP: 7/7
  4667 | D:5      | Reached skill level 6 in Axes
  4688 | D:5      | Noticed Edmund
  4704 | D:5      | Noticed Blork the orc
  4710 | D:5      | Noticed a steam dragon
  4716 | D:5      | Reached skill level 6 in Shields
  4726 | D:5      | 4726 ||| Stepping ~*~*~tactically~*~*~ (hiding).
  4729 | D:5      | Killed Blork the orc
  4730 | D:5      | Reached skill level 1 in Dodging
  4730 | D:5      | Reached XP level 8. HP: 37/48 MP: 8/8
  4734 | D:5      | Killed Edmund
  5298 | D:5      | Found a staircase to the Ecumenical Temple.
  5299 | D:5      | 5299 ||| PLANNING TEMPLE
  5299 | D:5      | 5299 ||| UPGRADING to +0 plate armour of poison resistance.
  5309 | D:5      | 5309 ||| DROPPING +0 chain mail of poison resistance.
  5310 | D:5      | 5310 ||| READING scroll labelled VUICOIX LUMOLI.
  5311 | D:5      | 5311 ||| DRINKING 2 bubbling grey potions.
  5416 | D:5      | 5416 ||| READING 2 scrolls of identify.
  5416 | D:5      | 5416 ||| IDENTIFYING smoky orange potion
  5417 | D:5      | 5417 ||| DROPPING potion of magic.
  5418 | D:5      | 5418 ||| DROPPING potion of berserk rage.
  5427 | Temple   | Entered the Ecumenical Temple
  5522 | Temple   | 5522 ||| PLANNING D:1-11
  5533 | Temple   | Became a worshipper of Warmaster Okawaru
  5599 | D:6      | 5599 ||| PLANNING SEWER
  5606 | D:6      | 5606 ||| STAIRDANCE
  5612 | D:6      | 5612 ||| STAIRDANCE
  5623 | D:6      | 5623 ||| STAIRDANCE
  5660 | D:6      | 5660 ||| STAIRDANCE
  5669 | D:6      | Noticed Eustachio
  5670 | D:6      | 5670 ||| STAIRDANCE
  5679 | D:5      | Reached skill level 5 in Fighting
  5687 | D:6      | 5687 ||| STAIRDANCE
  5696 | D:6      | 5696 ||| STAIRDANCE
  5712 | D:6      | 5712 ||| STAIRDANCE
  5797 | D:5      | Killed Eustachio
  5797 | D:5      | Reached * piety under Okawaru
  5798 | D:5      | Reached XP level 9. HP: 54/54 MP: 9/9
  5807 | D:6      | Reached skill level 1 in Invocations
  5810 | D:6      | Reached skill level 1 in Throwing
  5952 | D:6      | Found a glowing drain.
  5953 | D:6      | 5953 ||| INVOKING Heroism.
  5960 | D:6      | 5960 ||| UPGRADING to scarf of resistance.
  5965 | D:6      | 5965 ||| DROPPING amulet of guardian spirit.
  5971 | Sewer    | Entered a sewer
  5976 | Sewer    | 5976 ||| Stepping ~*~*~tactically~*~*~ (water).
  5982 | Sewer    | Noticed Pargi
  5997 | Sewer    | Killed Pargi
  5998 | Sewer    | Reached skill level 3 in Invocations
  6039 | Sewer    | 6039 ||| READING scroll of enchant armour.
  6039 | Sewer    | 6039 ||| ENCHANTING +0 pair of gloves.
  6047 | Sewer    | 6047 ||| READING scroll of enchant armour.
  6047 | Sewer    | 6047 ||| ENCHANTING +1 pair of gloves.
  6145 | D:6      | 6145 ||| PLANNING D:1-11
  6184 | D:6      | Noticed qw's ghost (novice MiBe)
  6194 | D:6      | Found a transporter.
  6286 | D:6      | Found a hazy altar of Hepliaklqana.
  6331 | D:6      | Found a transporter.
  6363 | D:6      | 6363 ||| INVOKING Heroism.
  6381 | D:6      | 6381 ||| INVOKING Heroism.
  6432 | D:6      | Found a sparkling altar of Nemelex Xobeh.
  6485 | D:6      | Found a shimmering altar of Xom.
  6485 | D:6      | Found a radiant altar of Vehumet.
  6559 | D:6      | Found the +7 Singing Sword {vorpal, sonic wave}
  6562 | D:6      | 6562 ||| DROPPING -1 vorpal mace.
  6648 | D:7      | 6648 ||| STAIRDANCE
  6655 | D:7      | 6655 ||| STAIRDANCE
  6667 | D:7      | 6667 ||| STAIRDANCE
  6680 | D:7      | 6680 ||| STAIRDANCE
  6688 | D:6      | Reached skill level 6 in Fighting
  6690 | D:7      | 6690 ||| STAIRDANCE
  6699 | D:7      | 6699 ||| STAIRDANCE
  6706 | D:6      | Reached ** piety under Okawaru
  6709 | D:7      | 6709 ||| STAIRDANCE
  6720 | D:7      | 6720 ||| INVOKING Heroism.
  6778 | D:7      | 6778 ||| Stepping ~*~*~tactically~*~*~ (hiding).
  6780 | D:7      | 6780 ||| Stepping ~*~*~tactically~*~*~ (hiding).
  6782 | D:7      | 6782 ||| Stepping ~*~*~tactically~*~*~ (hiding).
  6843 | D:7      | 6843 ||| INVOKING Heroism.
  6858 | D:7      | Reached skill level 6 in Armour
  6872 | D:7      | Reached XP level 10. HP: 57/60 MP: 13/13
  6895 | D:7      | 6895 ||| Stepping ~*~*~tactically~*~*~ (hiding).
  6897 | D:7      | 6897 ||| Stepping ~*~*~tactically~*~*~ (hiding).
  6898 | D:7      | 6898 ||| Stepping ~*~*~tactically~*~*~ (hiding).
  6959 | D:7      | 6959 ||| READING scroll of enchant weapon.
  6959 | D:7      | 6959 ||| ENCHANTING +1 war axe.
  7153 | D:7      | 7153 ||| READING scroll labelled PYFIVY GIWK.
  7254 | D:7      | 7254 ||| READING 2 scrolls of identify.
  7254 | D:7      | 7254 ||| IDENTIFYING orange potion
  7307 | D:8      | Noticed Prince Ribbit
  7319 | D:8      | Killed Prince Ribbit
  7320 | D:8      | Reached skill level 9 in Axes
  7349 | D:8      | 7349 ||| Stepping ~*~*~tactically~*~*~ (stealth).
  7355 | D:8      | 7355 ||| INVOKING Heroism.
  7405 | D:8      | 7405 ||| INVOKING Heroism.
  7470 | D:8      | Noticed Psyche
  7471 | D:8      | 7471 ||| INVOKING Heroism.
  7483 | D:8      | Killed Psyche
  7484 | D:8      | Reached skill level 7 in Fighting
  7484 | D:8      | 7484 ||| Stepping ~*~*~tactically~*~*~ (hiding).
  7485 | D:8      | 7485 ||| Stepping ~*~*~tactically~*~*~ (hiding).
  7486 | D:8      | 7486 ||| Stepping ~*~*~tactically~*~*~ (hiding).
  7492 | D:8      | 7492 ||| INVOKING Heroism.
  7505 | D:8      | 7505 ||| INVOKING Heroism.
  7518 | D:8      | 7518 ||| INVOKING Heroism.
  7544 | D:8      | 7544 ||| DROPPING +0 flail.
  7623 | D:8      | Reached *** piety under Okawaru
  8100 | D:8      | 8100 ||| DRINKING 2 green potions.
  8101 | D:8      | 8101 ||| DRINKING 3 yellow potions.
  8102 | D:8      | 8102 ||| DROPPING potion of flight.
  8162 | D:9      | Reached skill level 9 in Shields
  8163 | D:9      | 8163 ||| INVOKING Heroism.
  8191 | D:9      | 8191 ||| INVOKING Heroism.
  8223 | D:9      | 8223 ||| Stepping ~*~*~tactically~*~*~ (hiding).
  8225 | D:9      | 8225 ||| Stepping ~*~*~tactically~*~*~ (hiding).
  8227 | D:9      | 8227 ||| Stepping ~*~*~tactically~*~*~ (hiding).
  8228 | D:9      | 8228 ||| Stepping ~*~*~tactically~*~*~ (hiding).
  8229 | D:9      | Noticed Joseph
  8242 | D:9      | 8242 ||| INVOKING Heroism.
  8247 | D:9      | Noticed a two-headed ogre
  8257 | D:9      | Killed Joseph
  8260 | D:9      | Killed a two-headed ogre
  8260 | D:9      | Reached **** piety under Okawaru
  8261 | D:9      | Reached skill level 8 in Fighting
  8261 | D:9      | Reached XP level 11. HP: 18/69 MP: 14/14
  8261 | D:9      | HP: 9/69 [orc warrior/+0 glaive (10)]
  8262 | D:9      | 8262 ||| READING 3 scrolls of teleportation.
  8263 | D:9      | 8263 ||| DRINKING potion of heal wounds.
  8270 | D:9      | 8270 ||| INVOKING Heroism.
  8376 | D:9      | 8376 ||| Stepping ~*~*~tactically~*~*~ (stealth).
  8377 | D:9      | 8377 ||| Stepping ~*~*~tactically~*~*~ (stealth).
  8380 | D:9      | 8380 ||| Stepping ~*~*~tactically~*~*~ (hiding).
  8384 | D:9      | 8384 ||| Stepping ~*~*~tactically~*~*~ (hiding).
  8385 | D:9      | 8385 ||| Stepping ~*~*~tactically~*~*~ (hiding).
  8386 | D:9      | 8386 ||| INVOKING Heroism.
  8387 | D:9      | 8387 ||| Stepping ~*~*~tactically~*~*~ (hiding).
  8470 | D:9      | Identified the +0 rapier "Vodomp" {vamp, rElec rF+}
  8471 | D:9      | Found a staircase to the Lair.
  8631 | D:9      | Identified the +11 rapier "Impbane" {drain, Dex+8}
  8838 | D:9      | 8838 ||| PLANNING LAIR
  8838 | D:9      | 8838 ||| DRINKING 3 bubbling sapphire potions.
  8838 | D:9      | Gained mutation: Your movements are slightly less
                  | encumbered by armour. (ER -2) [potion of mutation]
  8838 | D:9      | Gained mutation: Armour fits poorly on your strangely
                  | shaped body. [potion of mutation]
  8838 | D:9      | Gained mutation: You occasionally lose the ability to drink
                  | potions when taking damage. [potion of mutation]
  8838 | D:9      | Gained mutation: You have large cloven feet. [potion of
                  | mutation]
  8839 | D:9      | 8839 ||| DRINKING 2 potions of mutation.
  8839 | D:9      | Lost mutation: You have large cloven feet. [potion of
                  | mutation]
  8839 | D:9      | Lost mutation: Armour fits poorly on your strangely shaped
                  | body. [potion of mutation]
  8839 | D:9      | Gained mutation: Your body sometimes deteriorates upon
                  | taking damage. [potion of mutation]
  8839 | D:9      | Gained mutation: You are partially covered in large bone
                  | plates. (SH +4) [potion of mutation]
  8840 | D:9      | 8840 ||| DRINKING potion of mutation.
  8840 | D:9      | Lost mutation: You are partially covered in large bone
                  | plates. (SH +4) [potion of mutation]
  8840 | D:9      | Lost mutation: Your movements are slightly less encumbered
                  | by armour. (ER -2) [potion of mutation]
  8840 | D:9      | Gained mutation: Your flesh is cold resistant. (rC+)
                  | [potion of mutation]
  8840 | D:9      | Lost mutation: You occasionally lose the ability to drink
                  | potions when taking damage. [potion of mutation]
  8840 | D:9      | Gained mutation: You are strong-willed. (Will+) [potion of
                  | mutation]
  8841 | D:9      | 8841 ||| READING 4 scrolls of identify.
  8841 | D:9      | 8841 ||| IDENTIFYING pink potion
  8842 | D:9      | 8842 ||| READING 3 scrolls of identify.
  8842 | D:9      | 8842 ||| IDENTIFYING dark potion
  8843 | D:9      | 8843 ||| READING 2 scrolls of identify.
  8843 | D:9      | 8843 ||| IDENTIFYING viscous ruby potion
  8844 | D:9      | 8844 ||| DROPPING potion of brilliance.
  8895 | Lair:1   | Entered Level 1 of the Lair of Beasts
  8929 | Lair:1   | 8929 ||| INVOKING Heroism.
  8976 | Lair:1   | 8976 ||| Stepping ~*~*~tactically~*~*~ (stealth).
  9319 | Lair:1   | 9319 ||| READING scroll of enchant armour.
  9319 | Lair:1   | 9319 ||| ENCHANTING +0 pair of boots.
  9753 | Lair:1   | 9753 ||| READING scroll labelled REAHEJ YGH.
  9785 | Lair:2   | 9785 ||| STAIRDANCE
  9792 | Lair:2   | 9792 ||| STAIRDANCE
  9794 | Lair:1   | 9794 ||| INVOKING Heroism.
  9827 | Lair:2   | 9827 ||| STAIRDANCE
  9835 | Lair:1   | 9835 ||| INVOKING Heroism.
  9855 | Lair:2   | 9855 ||| STAIRDANCE
  9862 | Lair:1   | Reached skill level 3 in Throwing
  9864 | Lair:2   | 9864 ||| INVOKING Heroism.
  9866 | Lair:2   | Reached skill level 6 in Invocations
  9870 | Lair:2   | 9870 ||| STAIRDANCE
  9881 | Lair:2   | 9881 ||| STAIRDANCE
  9886 | Lair:1   | 9886 ||| INVOKING Heroism.
  9907 | Lair:2   | 9907 ||| STAIRDANCE
  9909 | Lair:1   | 9909 ||| INVOKING Heroism.
  9934 | Lair:2   | 9934 ||| INVOKING Heroism.
 10029 | Lair:2   | 10029 ||| Stepping ~*~*~tactically~*~*~ (stealth).
 10030 | Lair:2   | 10030 ||| Stepping ~*~*~tactically~*~*~ (stealth).
 10031 | Lair:2   | 10031 ||| INVOKING Heroism.
 10033 | Lair:2   | 10033 ||| Stepping ~*~*~tactically~*~*~ (stealth).
 10065 | Lair:2   | Noticed a catoblepas
 10073 | Lair:2   | Reached ***** piety under Okawaru
 10074 | Lair:2   | 10074 ||| INVOKING Finesse.
 10076 | Lair:2   | 10076 ||| INVOKING Heroism.
 10085 | Lair:2   | Killed a catoblepas
 10094 | Lair:2   | Noticed a catoblepas
 10110 | Lair:2   | Killed a catoblepas
 10111 | Lair:2   | Reached XP level 12. HP: 70/75 MP: 11/18
 11040 | Lair:2   | 11040 ||| UPGRADING to +6 ring of strength.
 11041 | Lair:2   | 11041 ||| UPGRADING to +4 ring of slaying {mikee}.
 11043 | Lair:2   | 11043 ||| DROPPING +6 ring of strength.
 11044 | Lair:2   | 11044 ||| READING scroll labelled KOHAW YNWEENN.
 11045 | Lair:2   | 11045 ||| READING scroll labelled NIASUTZOCU.
 11059 | Lair:2   | 11059 ||| READING 2 scrolls of identify.
 11059 | Lair:2   | 11059 ||| IDENTIFYING fuming green potion
 11060 | Lair:2   | 11060 ||| DROPPING potion of degeneration.
 11077 | Lair:3   | 11077 ||| Stepping ~*~*~tactically~*~*~ (hiding).
 11079 | Lair:3   | 11079 ||| INVOKING Heroism.
 11088 | Lair:3   | Reached skill level 9 in Invocations
 11102 | Lair:3   | Noticed a death yak
 11103 | Lair:3   | 11103 ||| INVOKING Finesse.
 11103 | Lair:3   | Noticed a death yak
 11104 | Lair:3   | Received a gift from Okawaru
 11113 | Lair:3   | Noticed a death yak
 11114 | Lair:3   | Noticed a death yak
 11116 | Lair:3   | Received a gift from Okawaru
 11127 | Lair:3   | Killed a death yak
 11132 | Lair:3   | Killed a death yak
 11135 | Lair:3   | Killed a death yak
 11136 | Lair:3   | Reached skill level 9 in Fighting
 11146 | Lair:3   | Killed a death yak
 11172 | Lair:3   | 11172 ||| INVOKING Heroism.
 11197 | Lair:3   | 11197 ||| SWAPPING to +6 broad axe of electrocution.
 11198 | Lair:3   | 11198 ||| DROPPING +2 war axe.
 11260 | Lair:3   | 11260 ||| Stepping ~*~*~tactically~*~*~ (hiding).
 11331 | Lair:3   | 11331 ||| INVOKING Heroism.
 11333 | Lair:3   | Received a gift from Okawaru
 11372 | Lair:3   | Noticed qw's ghost (journeyman GrBe)
 11399 | Lair:3   | Found a transporter.
 11416 | Lair:3   | Found a staircase to the Snake Pit.
 11503 | Lair:3   | 11503 ||| Stepping ~*~*~tactically~*~*~ (hiding).
 11515 | Lair:3   | Reached skill level 12 in Axes
 11561 | Lair:3   | 11561 ||| INVOKING Heroism.
 11565 | Lair:3   | Received a gift from Okawaru
 11632 | Lair:3   | Found a staircase to the Shoals.
 11933 | Lair:3   | Reached skill level 9 in Armour
 11944 | Lair:3   | Noticed a five-headed hydra
 11945 | Lair:3   | 11945 ||| INVOKING Heroism.
 11946 | Lair:3   | 11946 ||| SWAPPING to +2 flail of draining.
 11947 | Lair:3   | 11947 ||| INVOKING Finesse.
 11951 | Lair:3   | Killed a five-headed hydra
 11952 | Lair:3   | 11952 ||| SWAPPING to +6 broad axe of electrocution.
 12004 | Lair:3   | Identified the ring of Voddue {Wiz Str+3 Dex+3}
 12094 | Lair:3   | Found a transporter.
 12209 | Lair:3   | 12209 ||| DROPPING ring of positive energy.
 12210 | Lair:3   | 12210 ||| DROPPING ring of Voddue {Wiz Str+3 Dex+3}.
 12233 | Lair:3   | 12233 ||| READING scroll labelled TOFFIPP WEULA.
 12234 | Lair:3   | 12234 ||| DROPPING +2 flail of draining.
 12235 | Lair:3   | 12235 ||| READING 2 scrolls of identify.
 12235 | Lair:3   | 12235 ||| IDENTIFYING purple potion
 12236 | Lair:3   | 12236 ||| DROPPING potion of ambrosia.
 12237 | Lair:3   | 12237 ||| DROPPING potion of invisibility.
 12324 | Lair:4   | 12324 ||| INVOKING Heroism.
 12336 | Lair:4   | Reached XP level 13. HP: 80/80 MP: 18/20
 12340 | Lair:4   | Identified the +1 robe of the Planets {rN+ Dex+6} (Okawaru
                  | gifted it to you on level 4 of the Lair of Beasts)
 12340 | Lair:4   | Received a gift from Okawaru
 12418 | Lair:4   | 12418 ||| INVOKING Heroism.
 12511 | Lair:4   | 12511 ||| INVOKING Heroism.
 12630 | Lair:4   | 12630 ||| INVOKING Heroism.
 12637 | Lair:4   | Reached skill level 10 in Fighting
 12657 | Lair:4   | Found a bloodstained altar of Trog.
 12717 | Lair:4   | 12717 ||| Stepping ~*~*~tactically~*~*~ (stealth).
 12720 | Lair:4   | 12720 ||| Stepping ~*~*~tactically~*~*~ (stealth).
 13196 | Lair:5   | Entered Level 5 of the Lair of Beasts
 13196 | Lair:5   | Found a staircase to the Slime Pits.
 13204 | Lair:5   | 13204 ||| Stepping ~*~*~tactically~*~*~ (stealth).
 13205 | Lair:5   | 13205 ||| Stepping ~*~*~tactically~*~*~ (stealth).
 13206 | Lair:5   | 13206 ||| INVOKING Heroism.
 13220 | Lair:5   | 13220 ||| Stepping ~*~*~tactically~*~*~ (stealth).
 13260 | Lair:5   | 13260 ||| INVOKING Heroism.
 13293 | Lair:5   | 13293 ||| INVOKING Heroism.
 13303 | Lair:5   | 13303 ||| Stepping ~*~*~tactically~*~*~ (stealth).
 13326 | Lair:5   | 13326 ||| Stepping ~*~*~tactically~*~*~ (hiding).
 13328 | Lair:5   | 13328 ||| INVOKING Finesse.
 13363 | Lair:5   | 13363 ||| INVOKING Heroism.
 13364 | Lair:5   | 13364 ||| Stepping ~*~*~tactically~*~*~ (stealth).
 13365 | Lair:5   | 13365 ||| INVOKING Finesse.
 13376 | Lair:5   | Received a gift from Okawaru
 13385 | Lair:5   | 13385 ||| Stepping ~*~*~tactically~*~*~ (stealth).
 13407 | Lair:5   | Identified the +10 war axe of Pain and Death {antimagic,
                  | rElec Str+4} (Okawaru gifted it to you on level 5 of the
                  | Lair of Beasts)
 13407 | Lair:5   | Received a gift from Okawaru
 13443 | Lair:5   | 13443 ||| Stepping ~*~*~tactically~*~*~ (stealth).
 13475 | Lair:5   | 13475 ||| INVOKING Heroism.
 13555 | Lair:5   | 13555 ||| Stepping ~*~*~tactically~*~*~ (stealth).
 13557 | Lair:5   | 13557 ||| INVOKING Heroism.
 13558 | Lair:5   | 13558 ||| INVOKING Finesse.
 13564 | Lair:5   | Gained mutation: Your large and strong wings let you fly.
                  | [Gargoyle growth]
 13564 | Lair:5   | Reached XP level 14. HP: 88/88 MP: 13/21
 13679 | Lair:5   | 13679 ||| Stepping ~*~*~tactically~*~*~ (stealth).
 13680 | Lair:5   | 13680 ||| Stepping ~*~*~tactically~*~*~ (stealth).
 13681 | Lair:5   | 13681 ||| Stepping ~*~*~tactically~*~*~ (stealth).
 13682 | Lair:5   | 13682 ||| Stepping ~*~*~tactically~*~*~ (stealth).
 13691 | Lair:5   | Reached skill level 11 in Fighting
 13752 | Lair:5   | 13752 ||| Stepping ~*~*~tactically~*~*~ (stealth).
 13768 | Lair:5   | Received a gift from Okawaru
 13776 | Lair:5   | 13776 ||| INVOKING Heroism.
 13778 | Lair:5   | 13778 ||| INVOKING Finesse.
 13783 | Lair:5   | 13783 ||| Stepping ~*~*~tactically~*~*~ (stealth).
 13801 | Lair:5   | 13801 ||| Stepping ~*~*~tactically~*~*~ (stealth).
 13821 | Lair:5   | Reached skill level 12 in Shields
 13833 | Lair:5   | 13833 ||| INVOKING Finesse.
 13836 | Lair:5   | 13836 ||| INVOKING Heroism.
 13980 | Lair:5   | 13980 ||| Stepping ~*~*~tactically~*~*~ (stealth).
 14005 | Lair:5   | 14005 ||| INVOKING Heroism.
 14136 | Lair:5   | 14136 ||| Stepping ~*~*~tactically~*~*~ (stealth).
 14139 | Lair:5   | 14139 ||| Stepping ~*~*~tactically~*~*~ (stealth).
 14141 | Lair:5   | 14141 ||| INVOKING Heroism.
 14146 | Lair:5   | Reached ****** piety under Okawaru
 14184 | Lair:5   | 14184 ||| Stepping ~*~*~tactically~*~*~ (stealth).
 14187 | Lair:5   | 14187 ||| INVOKING Heroism.
 14195 | Lair:5   | 14195 ||| Stepping ~*~*~tactically~*~*~ (hiding).
 14197 | Lair:5   | 14197 ||| Stepping ~*~*~tactically~*~*~ (hiding).
 14202 | Lair:5   | Received a gift from Okawaru
 14237 | Lair:5   | 14237 ||| Stepping ~*~*~tactically~*~*~ (stealth).
 14266 | Lair:5   | Reached skill level 15 in Axes
 14295 | Lair:5   | 14295 ||| Stepping ~*~*~tactically~*~*~ (hiding).
 14315 | Lair:5   | 14315 ||| Stepping ~*~*~tactically~*~*~ (stealth).
 14333 | Lair:5   | 14333 ||| Stepping ~*~*~tactically~*~*~ (stealth).
 14334 | Lair:5   | 14334 ||| Stepping ~*~*~tactically~*~*~ (stealth).
 14339 | Lair:5   | 14339 ||| Stepping ~*~*~tactically~*~*~ (stealth).
 14344 | Lair:5   | 14344 ||| INVOKING Heroism.
 14349 | Lair:5   | Received a gift from Okawaru
 14353 | Lair:5   | 14353 ||| Stepping ~*~*~tactically~*~*~ (stealth).
 14366 | Lair:5   | 14366 ||| Stepping ~*~*~tactically~*~*~ (hiding).
 14367 | Lair:5   | 14367 ||| Stepping ~*~*~tactically~*~*~ (hiding).
 14369 | Lair:5   | 14369 ||| INVOKING Heroism.
 14391 | Lair:5   | 14391 ||| Stepping ~*~*~tactically~*~*~ (stealth).
 14431 | Lair:5   | 14431 ||| Stepping ~*~*~tactically~*~*~ (hiding).
 14437 | Lair:5   | 14437 ||| INVOKING Heroism.
 14481 | Lair:5   | 14481 ||| Stepping ~*~*~tactically~*~*~ (hiding).
 14488 | Lair:5   | Reached XP level 15. HP: 94/94 MP: 22/22
 14489 | Lair:5   | Reached skill level 6 in Throwing
 14590 | Lair:5   | 14590 ||| Stepping ~*~*~tactically~*~*~ (stealth).
 14605 | Lair:5   | 14605 ||| Stepping ~*~*~tactically~*~*~ (stealth).
 14607 | Lair:5   | 14607 ||| INVOKING Heroism.
 14622 | Lair:5   | 14622 ||| Stepping ~*~*~tactically~*~*~ (stealth).
 14624 | Lair:5   | 14624 ||| Stepping ~*~*~tactically~*~*~ (hiding).
 15269 | Lair:5   | 15269 ||| PLANNING D:1-11
 15269 | Lair:5   | 15269 ||| DROPPING ring of willpower.
 15442 | D:10     | Entered Level 10 of the Dungeon
 15456 | D:10     | 15456 ||| Stepping ~*~*~tactically~*~*~ (stealth).
 15459 | D:10     | 15459 ||| INVOKING Heroism.
 15460 | D:10     | 15460 ||| Stepping ~*~*~tactically~*~*~ (hiding).
 15489 | D:10     | Found a staircase to the Orcish Mines.
 15543 | D:10     | Found Weffui's Armour Shop.
 15554 | D:10     | 15554 ||| BUYING +6 plate armour of ponderousness (510
                  | gold).
 15554 | D:10     | Bought a +6 plate armour of ponderousness for 510 gold
                  | pieces
 15631 | D:10     | Found an opulent altar of Gozag.
 15635 | D:10     | 15635 ||| READING scroll of enchant armour.
 15635 | D:10     | 15635 ||| ENCHANTING +1 pair of boots.
 15639 | D:10     | 15639 ||| READING scroll of acquirement.
 15639 | D:10     | 15639 ||| ACQUIRING +2 cloak "Jiczil" {Dex+4}
 15639 | D:10     | Acquired the +2 cloak "Jiczil" {Dex+4}
 15641 | D:10     | 15641 ||| UPGRADING to +2 cloak "Jiczil" {Dex+4}.
 15674 | D:10     | Found a sacrificial altar of Ru.
 15675 | D:10     | Found a white marble altar of Elyvilon.
 15719 | D:10     | Found Gozag's Platinum Reserve.
 15727 | D:10     | 15727 ||| SHOPLISTING +1 ring mail of Xuroo {rElec rF++
                  | SInv} (4470 gold, have 592).
 15727 | D:10     | 15727 ||| SHOPLISTING amulet "Lukh" {Spirit Regen+ MP+9
                  | Str+3 Dex-4} (5380 gold, have 592).
 15727 | D:10     | 15727 ||| SHOPLISTING ring of Ignis's Castigation {*Slow
                  | rPois rF+ Int+4 SInv} (3600 gold, have 592).
 15736 | D:10     | 15736 ||| Stepping ~*~*~tactically~*~*~ (hiding).
 15769 | D:10     | Found a shadowy altar of Dithmenos.
 15966 | D:10     | Received a gift from Okawaru
 16049 | D:11     | 16049 ||| INVOKING Heroism.
 16057 | D:11     | Reached skill level 3 in Dodging
 16072 | D:11     | Reached skill level 12 in Fighting
 16087 | D:11     | 16087 ||| Stepping ~*~*~tactically~*~*~ (hiding).
 16142 | D:11     | 16142 ||| Stepping ~*~*~tactically~*~*~ (stealth).
 16143 | D:11     | Noticed Lodul
 16144 | D:11     | 16144 ||| Stepping ~*~*~tactically~*~*~ (hiding).
 16145 | D:11     | 16145 ||| Stepping ~*~*~tactically~*~*~ (hiding).
 16148 | D:11     | 16148 ||| INVOKING Heroism.
 16152 | D:11     | Killed Lodul
 16165 | D:11     | 16165 ||| Stepping ~*~*~tactically~*~*~ (stealth).
 16166 | D:11     | 16166 ||| Stepping ~*~*~tactically~*~*~ (stealth).
 16172 | D:11     | 16172 ||| Stepping ~*~*~tactically~*~*~ (stealth).
 16283 | D:11     | Reached skill level 12 in Armour
 16443 | D:11     | Found Boniv's Jewellery Emporium.
 16460 | D:11     | 16460 ||| Stepping randomly (disturbance).
 16875 | D:12     | 16875 ||| Stepping ~*~*~tactically~*~*~ (hiding).
 17136 | D:12     | 17136 ||| Stepping ~*~*~tactically~*~*~ (hiding).
 17194 | D:12     | Received a gift from Okawaru
 17378 | D:12     | 17378 ||| Stepping ~*~*~tactically~*~*~ (stealth).
 17379 | D:12     | 17379 ||| Stepping ~*~*~tactically~*~*~ (stealth).
 17384 | D:12     | 17384 ||| Stepping ~*~*~tactically~*~*~ (hiding).
 17532 | D:12     | 17532 ||| Stepping ~*~*~tactically~*~*~ (stealth).
 17533 | D:12     | 17533 ||| Stepping ~*~*~tactically~*~*~ (stealth).
 17540 | D:12     | 17540 ||| INVOKING Heroism.
 17555 | D:12     | 17555 ||| Stepping ~*~*~tactically~*~*~ (hiding).
 17556 | D:12     | 17556 ||| Stepping ~*~*~tactically~*~*~ (hiding).
 17690 | D:12     | 17690 ||| Stepping ~*~*~tactically~*~*~ (stealth).
 17812 | D:12     | 17812 ||| INVOKING Heroism.
 18061 | D:11     | 18061 ||| BUYING ring "Lofeat" {Fire Dex+3} (497 gold).
 18061 | D:11     | Bought the ring "Lofeat" {Fire Dex+3} for 497 gold pieces
 18061 | D:11     | 18061 ||| BUYING ring of Nouteet {rPois rF+ Str+4} (579
                  | gold).
 18061 | D:11     | Bought the ring of Nouteet {rPois rF+ Str+4} for 579 gold
                  | pieces
 18061 | D:11     | 18061 ||| SHOPLISTING ring of resist corrosion (260 gold,
                  | have 201).
 18061 | D:11     | 18061 ||| PLANNING D
 18061 | D:11     | 18061 ||| UPGRADING to ring of Nouteet {rPois rF+ Str+4}.
 18235 | D:13     | 18235 ||| READING scroll of enchant weapon.
 18235 | D:13     | 18235 ||| ENCHANTING +6 broad axe of flaming.
 18287 | D:13     | 18287 ||| Stepping ~*~*~tactically~*~*~ (stealth).
 18372 | D:13     | 18372 ||| Stepping ~*~*~tactically~*~*~ (hiding).
 18374 | D:13     | 18374 ||| Stepping ~*~*~tactically~*~*~ (hiding).
 18392 | D:13     | 18392 ||| Stepping ~*~*~tactically~*~*~ (hiding).
 18394 | D:13     | 18394 ||| Stepping ~*~*~tactically~*~*~ (hiding).
 18405 | D:13     | Received a gift from Okawaru
 18407 | D:13     | 18407 ||| DROPPING +3 vorpal broad axe.
 18691 | D:13     | 18691 ||| READING scroll of brand weapon.
 18691 | D:13     | 18691 ||| BRANDING +7 broad axe of flaming.
 18786 | D:14     | Noticed Frances
 18787 | D:14     | 18787 ||| Stepping ~*~*~tactically~*~*~ (hiding).
 18788 | D:14     | 18788 ||| Stepping ~*~*~tactically~*~*~ (hiding).
 18789 | D:14     | 18789 ||| Stepping ~*~*~tactically~*~*~ (hiding).
 18792 | D:14     | 18792 ||| INVOKING Heroism.
 18793 | D:14     | 18793 ||| INVOKING Finesse.
 18804 | D:14     | Killed Frances
 18883 | D:14     | 18883 ||| INVOKING Heroism.
 18889 | D:14     | 18889 ||| Stepping ~*~*~tactically~*~*~ (hiding).
 19122 | D:14     | 19122 ||| INVOKING Heroism.
 19135 | D:14     | 19135 ||| READING 6 scrolls of teleportation.
 19223 | D:14     | Found a gate to the Vaults.
 19495 | D:14     | 19495 ||| Stepping ~*~*~tactically~*~*~ (stealth).
 19496 | D:14     | 19496 ||| Stepping ~*~*~tactically~*~*~ (stealth).
 19517 | D:14     | 19517 ||| INVOKING Heroism.
 19518 | D:14     | 19518 ||| SWAPPING to +0 flail.
 19519 | D:14     | 19519 ||| INVOKING Finesse.
 19520 | D:14     | 19520 ||| Stepping ~*~*~tactically~*~*~ (outnumbered).
 19530 | D:14     | Identified the +3 mace of Qoetoneu {vorpal, rElec rPois rC-
                  | rN++}
 19532 | D:14     | 19532 ||| SWAPPING to +7 broad axe of freezing.
 19579 | D:14     | 19579 ||| Stepping ~*~*~tactically~*~*~ (hiding).
 19590 | D:14     | Reached XP level 16. HP: 101/101 MP: 23/23
 19594 | D:14     | Received a gift from Okawaru
 19598 | D:14     | 19598 ||| Stepping ~*~*~tactically~*~*~ (stealth).
 19647 | D:14     | 19647 ||| Stepping ~*~*~tactically~*~*~ (hiding).
 19662 | D:14     | 19662 ||| Stepping ~*~*~tactically~*~*~ (stealth).
 19664 | D:14     | 19664 ||| INVOKING Heroism.
 19665 | D:14     | 19665 ||| Stepping ~*~*~tactically~*~*~ (hiding).
 19685 | D:14     | Received a gift from Okawaru
 19749 | D:14     | 19749 ||| Stepping ~*~*~tactically~*~*~ (stealth).
 19794 | D:14     | 19794 ||| UPGRADING to +1 plate armour of willpower.
 19804 | D:14     | 19804 ||| DROPPING +0 plate armour of poison resistance.
 19818 | D:15     | Entered Level 15 of the Dungeon
 19819 | D:15     | 19819 ||| PLANNING GAUNTLET
 19825 | D:15     | 19825 ||| INVOKING Heroism.
 19826 | D:15     | 19826 ||| INVOKING Finesse.
 19827 | D:15     | 19827 ||| Stepping ~*~*~tactically~*~*~ (stealth).
 19829 | D:15     | 19829 ||| SWAPPING to +0 flail.
 19840 | D:15     | 19840 ||| SWAPPING to +7 broad axe of freezing.
 19853 | D:15     | 19853 ||| Stepping ~*~*~tactically~*~*~ (hiding).
 19877 | D:15     | Identified the +3 buckler of the Six of Cups {rC+ Str+4
                  | Stlth+} (Okawaru gifted it to you on level 15 of the
                  | Dungeon)
 19877 | D:15     | Received a gift from Okawaru
 19919 | D:15     | 19919 ||| Stepping ~*~*~tactically~*~*~ (stealth).
 19923 | D:15     | Found a portal to a secret trove of treasure.
 19982 | D:15     | 19982 ||| Stepping ~*~*~tactically~*~*~ (stealth).
 19983 | D:15     | 19983 ||| Stepping ~*~*~tactically~*~*~ (stealth).
 20001 | D:15     | Found a transporter.
 20116 | D:15     | 20116 ||| INVOKING Heroism.
 20148 | D:15     | Found Qitz's Jewellery Emporium.
 20173 | D:15     | Found a gate leading to a gauntlet.
 20181 | Gauntlet | Entered a Gauntlet
 20181 | Gauntlet | Found a transporter.
 20181 | Gauntlet | Found a transporter.
 20192 | Gauntlet | Found a transporter.
 20196 | Gauntlet | Found a transporter.
 20205 | Gauntlet | Found a transporter.
 20208 | Gauntlet | Found a transporter.
 20212 | Gauntlet | Found a runed translucent door.
 20214 | Gauntlet | Found a runed translucent door.
 20216 | Gauntlet | Found a transporter.
 20233 | Gauntlet | Found a runed translucent door.
 20235 | Gauntlet | Found a transporter.
 20237 | Gauntlet | Found a runed translucent door.
 20252 | Gauntlet | Found a transporter.
 20256 | Gauntlet | Found a transporter.
 20264 | Gauntlet | Found a transporter.
 20268 | Gauntlet | Found a transporter.
 20317 | Gauntlet | 20317 ||| INVOKING Heroism.
 20374 | Gauntlet | 20374 ||| DROPPING +0 pair of boots of flying.
 20398 | Gauntlet | 20398 ||| READING scroll of enchant armour.
 20398 | Gauntlet | 20398 ||| ENCHANTING +1 plate armour of willpower.
 20404 | Gauntlet | 20404 ||| DROPPING ring of wizardry.
 20438 | Gauntlet | Identified the +1 flail of the Hurling Wasp {speed, Fragile
                  | Fly rCorr}
 20439 | Gauntlet | 20439 ||| INVOKING Heroism.
 20514 | D:15     | 20514 ||| PLANNING D
 20522 | D:15     | 20522 ||| FLEEEEING.
 20523 | D:15     | 20523 ||| FLEEEEING.
 20528 | D:15     | 20528 ||| FLEEEEING.
 20529 | D:15     | 20529 ||| FLEEEEING.
 20530 | D:15     | 20530 ||| FLEEEEING.
 20531 | D:15     | 20531 ||| FLEEEEING.
 20535 | D:15     | 20535 ||| FLEEEEING.
 20536 | D:15     | 20536 ||| FLEEEEING.
 20540 | D:15     | 20540 ||| FLEEEEING.
 20541 | D:15     | 20541 ||| FLEEEEING.
 20543 | D:15     | 20543 ||| FLEEEEING.
 20544 | D:15     | 20544 ||| FLEEEEING.
 20545 | D:15     | 20545 ||| FLEEEEING.
 20546 | D:15     | 20546 ||| FLEEEEING.
 20547 | D:15     | 20547 ||| FLEEEEING.
 20548 | D:15     | 20548 ||| FLEEEEING.
 20549 | D:15     | 20549 ||| FLEEEEING.
 20550 | D:15     | 20550 ||| FLEEEEING.
 20551 | D:15     | 20551 ||| FLEEEEING.
 20552 | D:15     | 20552 ||| FLEEEEING.
 20553 | D:15     | 20553 ||| STAIRDANCE
 20657 | D:15     | 20657 ||| INVOKING Heroism.
 20737 | D:15     | Reached skill level 13 in Fighting
 20751 | D:15     | 20751 ||| Stepping ~*~*~tactically~*~*~ (stealth).
 20756 | D:15     | 20756 ||| INVOKING Heroism.
 20757 | D:15     | 20757 ||| INVOKING Finesse.
 20869 | D:15     | Found a staircase to the Depths.
 20904 | D:15     | Found Gaonad's Goods Gallery.
 20912 | D:15     | 20912 ||| SHOPLISTING +0 gold dragon scales (1040 gold,
                  | have 603).
 20919 | D:15     | Found a transporter.
 20944 | D:15     | Found a transporter.
 20972 | D:15     | Found a transporter.
 21099 | D:15     | 21099 ||| PLANNING ORC
 21112 | D:15     | 21112 ||| INVOKING Heroism.
 21113 | D:15     | 21113 ||| INVOKING Finesse.
 21116 | D:15     | 21116 ||| SWAPPING to +0 flail.
 21122 | D:15     | 21122 ||| SWAPPING to +7 broad axe of freezing.
 21163 | D:15     | 21163 ||| Stepping ~*~*~tactically~*~*~ (hiding).
 21172 | D:15     | 21172 ||| INVOKING Heroism.
 21305 | Orc:1    | Entered Level 1 of the Orcish Mines
 21306 | Orc:1    | 21306 ||| INVOKING Heroism.
 21307 | Orc:1    | 21307 ||| Stepping ~*~*~tactically~*~*~ (stealth).
 21308 | Orc:1    | 21308 ||| Stepping ~*~*~tactically~*~*~ (stealth).
 21347 | Orc:1    | 21347 ||| Stepping ~*~*~tactically~*~*~ (stealth).
 21381 | Orc:1    | 21381 ||| INVOKING Heroism.
 21405 | Orc:1    | 21405 ||| Stepping ~*~*~tactically~*~*~ (hiding).
 21409 | Orc:1    | 21409 ||| Stepping ~*~*~tactically~*~*~ (hiding).
 21666 | Orc:2    | Entered Level 2 of the Orcish Mines
 21669 | Orc:2    | 21669 ||| INVOKING Heroism.
 21676 | Orc:2    | Noticed Erolcha
 21684 | Orc:2    | Killed Erolcha
 21703 | Orc:2    | 21703 ||| INVOKING Heroism.
 21705 | Orc:2    | Found a frozen archway.
 21765 | Orc:2    | 21765 ||| Stepping ~*~*~tactically~*~*~ (hiding).
 21780 | Orc:2    | 21780 ||| Stepping ~*~*~tactically~*~*~ (hiding).
 21781 | Orc:2    | 21781 ||| Stepping ~*~*~tactically~*~*~ (hiding).
 21945 | Orc:2    | 21945 ||| Stepping ~*~*~tactically~*~*~ (stealth).
 21961 | Orc:2    | Found a staircase to the Elven Halls.
 22054 | Orc:2    | 22054 ||| Stepping ~*~*~tactically~*~*~ (hiding).
 22071 | Orc:2    | 22071 ||| Stepping ~*~*~tactically~*~*~ (stealth).
 22073 | Orc:2    | 22073 ||| Stepping ~*~*~tactically~*~*~ (hiding).
 22082 | Orc:2    | 22082 ||| Stepping ~*~*~tactically~*~*~ (hiding).
 22251 | Orc:2    | 22251 ||| INVOKING Heroism.
 22260 | Orc:2    | 22260 ||| Stepping ~*~*~tactically~*~*~ (hiding).
 22261 | Orc:2    | 22261 ||| Stepping ~*~*~tactically~*~*~ (hiding).
 22263 | Orc:2    | 22263 ||| Stepping ~*~*~tactically~*~*~ (hiding).
 22274 | Orc:2    | 22274 ||| Stepping ~*~*~tactically~*~*~ (hiding).
 22279 | Orc:2    | 22279 ||| Stepping ~*~*~tactically~*~*~ (hiding).
 22289 | Orc:2    | 22289 ||| Stepping ~*~*~tactically~*~*~ (hiding).
 22310 | Orc:2    | 22310 ||| INVOKING Heroism.
 22345 | Orc:2    | 22345 ||| Stepping ~*~*~tactically~*~*~ (hiding).
 22348 | Orc:2    | 22348 ||| Stepping ~*~*~tactically~*~*~ (hiding).
 22364 | Orc:2    | 22364 ||| Stepping ~*~*~tactically~*~*~ (hiding).
 22367 | Orc:2    | 22367 ||| INVOKING Heroism.
 22381 | Orc:2    | 22381 ||| Stepping ~*~*~tactically~*~*~ (hiding).
 22382 | Orc:2    | 22382 ||| Stepping ~*~*~tactically~*~*~ (hiding).
 22448 | Orc:2    | 22448 ||| Stepping ~*~*~tactically~*~*~ (hiding).
 22450 | Orc:2    | 22450 ||| Stepping ~*~*~tactically~*~*~ (hiding).
 22452 | Orc:2    | 22452 ||| INVOKING Heroism.
 22465 | Orc:2    | 22465 ||| Stepping ~*~*~tactically~*~*~ (hiding).
 22467 | Orc:2    | 22467 ||| Stepping ~*~*~tactically~*~*~ (hiding).
 22582 | Orc:2    | Found Qyelirch's Armour Emporium.
 22582 | Orc:2    | Found Guorabbo's Book Shop.
 22584 | Orc:2    | Found Kiheam's Distillery.
 22584 | Orc:2    | Found Ewehocs's Weapon Shop.
 22593 | Orc:2    | 22593 ||| BUYING potion of attraction (36 gold).
 22593 | Orc:2    | Bought a potion of attraction for 36 gold pieces
 22593 | Orc:2    | 22593 ||| BUYING potion of cancellation (96 gold).
 22593 | Orc:2    | Bought a potion of cancellation for 96 gold pieces
 22593 | Orc:2    | 22593 ||| BUYING potion of haste (120 gold).
 22593 | Orc:2    | Bought a potion of haste for 120 gold pieces
 22593 | Orc:2    | 22593 ||| BUYING potion of haste (120 gold).
 22593 | Orc:2    | Bought a potion of haste for 120 gold pieces
 22593 | Orc:2    | 22593 ||| BUYING potion of mutation (96 gold).
 22593 | Orc:2    | Bought a potion of mutation for 96 gold pieces
 22593 | Orc:2    | 22593 ||| BUYING potion of resistance (120 gold).
 22593 | Orc:2    | Bought a potion of resistance for 120 gold pieces
 22726 | Orc:1    | 22726 ||| Stepping ~*~*~tactically~*~*~ (stealth).
 22728 | Orc:1    | 22728 ||| INVOKING Heroism.
 22906 | Orc:1    | 22906 ||| PLANNING SHOALS:1-3
 23039 | Shoals:1 | Entered Level 1 of the Shoals
 23080 | Shoals:1 | 23080 ||| INVOKING Heroism.
 23086 | Shoals:1 | 23086 ||| INVOKING Finesse.
 23109 | Shoals:1 | Noticed Aizul
 23128 | Shoals:1 | Killed Aizul
 23181 | Shoals:1 | Reached skill level 18 in Axes
 23289 | Shoals:1 | 23289 ||| Stepping ~*~*~tactically~*~*~ (hiding).
 23306 | Shoals:1 | 23306 ||| INVOKING Heroism.
 23307 | Shoals:1 | 23307 ||| INVOKING Finesse.
 23314 | Shoals:1 | Reached XP level 17. HP: 108/108 MP: 17/24
 23320 | Shoals:1 | Received a gift from Okawaru
 23363 | Shoals:1 | 23363 ||| INVOKING Finesse.
 23373 | Shoals:1 | 23373 ||| INVOKING Heroism.
 23914 | Shoals:1 | 23914 ||| DROPPING +0 fire dragon scales.
 23915 | Shoals:1 | 23915 ||| UPGRADING to +0 gold dragon scales.
 23925 | Shoals:1 | 23925 ||| UPGRADING to +4 ring of evasion.
 23995 | Shoals:2 | 23995 ||| FLEEEEING.
 23996 | Shoals:2 | 23996 ||| FLEEEEING.
 24009 | Shoals:2 | 24009 ||| INVOKING Heroism.
 24017 | Shoals:2 | Received a gift from Okawaru
 24028 | Shoals:2 | 24028 ||| INVOKING Finesse.
 24076 | Shoals:2 | 24076 ||| INVOKING Heroism.
 24118 | Shoals:2 | 24118 ||| INVOKING Heroism.
 24119 | Shoals:2 | 24119 ||| INVOKING Finesse.
 24143 | Shoals:2 | 24143 ||| Stepping ~*~*~tactically~*~*~ (hiding).
 24144 | Shoals:2 | 24144 ||| Stepping ~*~*~tactically~*~*~ (hiding).
 24150 | Shoals:2 | Received a gift from Okawaru
 24161 | Shoals:2 | 24161 ||| DROPPING +1 flail of the Hurling Wasp {speed,
                  | Fragile Fly rCorr}.
 24162 | Shoals:2 | 24162 ||| DROPPING +0 flail.
 24171 | Shoals:2 | Noticed a kraken
 24174 | Shoals:2 | 24174 ||| INVOKING Heroism.
 24288 | Shoals:2 | 24288 ||| INVOKING Heroism.
 24293 | Shoals:2 | Killed a kraken
 24828 | Shoals:3 | 24828 ||| INVOKING Heroism.
 24834 | Shoals:3 | 24834 ||| INVOKING Finesse.
 24853 | Shoals:3 | Reached skill level 15 in Armour
 24910 | Shoals:3 | 24910 ||| INVOKING Heroism.
 24936 | Shoals:3 | Paralysed by a merfolk siren for 3 turns
 24965 | Shoals:3 | Reached skill level 14 in Fighting
 25014 | Shoals:3 | Noticed a kraken
 25016 | Shoals:3 | 25016 ||| INVOKING Heroism.
 25037 | Shoals:3 | Killed a kraken
 25037 | Shoals:3 | Received a gift from Okawaru
 25516 | Shoals:3 | 25516 ||| PLANNING SNAKE:1-3
 25595 | Snake:1  | Entered Level 1 of the Snake Pit
 25595 | Snake:1  | Noticed Donald
 25596 | Snake:1  | 25596 ||| INVOKING Heroism.
 25597 | Snake:1  | 25597 ||| INVOKING Finesse.
 25602 | Snake:1  | Killed Donald
 25647 | Snake:1  | 25647 ||| Stepping ~*~*~tactically~*~*~ (hiding).
 25702 | Snake:1  | 25702 ||| INVOKING Heroism.
 25718 | Snake:1  | 25718 ||| Stepping ~*~*~tactically~*~*~ (hiding).
 25750 | Snake:1  | 25750 ||| Stepping ~*~*~tactically~*~*~ (stealth).
 25757 | Snake:1  | Found a transporter.
 25759 | Snake:1  | 25759 ||| Stepping ~*~*~tactically~*~*~ (hiding).
 25761 | Snake:1  | 25761 ||| Stepping ~*~*~tactically~*~*~ (hiding).
 25765 | Snake:1  | 25765 ||| Stepping ~*~*~tactically~*~*~ (hiding).
 25766 | Snake:1  | 25766 ||| Stepping ~*~*~tactically~*~*~ (hiding).
 25766 | Snake:1  | Identified the amulet "Hitaf" {Reflect Rampage Str+4 Dex+5
                  | SH+5}
 25769 | Snake:1  | 25769 ||| Stepping ~*~*~tactically~*~*~ (hiding).
 25777 | Snake:1  | 25777 ||| Stepping ~*~*~tactically~*~*~ (stealth).
 25778 | Snake:1  | 25778 ||| Stepping ~*~*~tactically~*~*~ (stealth).
 25781 | Snake:1  | 25781 ||| Stepping ~*~*~tactically~*~*~ (stealth).
 25782 | Snake:1  | 25782 ||| Stepping ~*~*~tactically~*~*~ (stealth).
 26019 | Snake:1  | 26019 ||| Stepping ~*~*~tactically~*~*~ (stealth).
 26021 | Snake:1  | 26021 ||| Stepping ~*~*~tactically~*~*~ (stealth).
 26106 | Snake:1  | Found a transporter.
 26134 | Snake:1  | 26134 ||| DROPPING +6 plate armour of ponderousness.
 26135 | Snake:1  | 26135 ||| DROPPING +2 plate armour of willpower.
 26149 | Snake:2  | 26149 ||| INVOKING Heroism.
 26166 | Snake:2  | Reached XP level 18. HP: 116/116 MP: 25/25
 26166 | Snake:2  | 26166 ||| DROPPING +0 broad axe of flaming.
 26171 | Snake:2  | 26171 ||| Stepping ~*~*~tactically~*~*~ (hiding).
 26177 | Snake:2  | Identified the +1 robe of Guakkieti {rElec} (Okawaru gifted
                  | it to you on level 2 of the Snake Pit)
 26177 | Snake:2  | Received a gift from Okawaru
 26209 | Snake:2  | 26209 ||| INVOKING Heroism.
 26593 | Snake:2  | 26593 ||| Stepping ~*~*~tactically~*~*~ (hiding).
 26636 | Snake:2  | 26636 ||| Stepping ~*~*~tactically~*~*~ (hiding).
 26642 | Snake:2  | 26642 ||| Stepping ~*~*~tactically~*~*~ (hiding).
 26650 | Snake:2  | 26650 ||| Stepping ~*~*~tactically~*~*~ (hiding).
 26652 | Snake:2  | 26652 ||| INVOKING Heroism.
 26659 | Snake:2  | 26659 ||| Stepping ~*~*~tactically~*~*~ (hiding).
 26736 | Snake:3  | 26736 ||| STAIRDANCE
 26747 | Snake:3  | 26747 ||| INVOKING Heroism.
 26753 | Snake:3  | 26753 ||| STAIRDANCE
 26760 | Snake:2  | Reached skill level 15 in Fighting
 26768 | Snake:3  | 26768 ||| INVOKING Heroism.
 26793 | Snake:3  | 26793 ||| INVOKING Heroism.
 26844 | Snake:3  | Noticed Louise
 26845 | Snake:3  | 26845 ||| Stepping ~*~*~tactically~*~*~ (hiding).
 26846 | Snake:3  | 26846 ||| Stepping ~*~*~tactically~*~*~ (hiding).
 26864 | Snake:3  | Killed Louise
 26864 | Snake:3  | Identified the +4 chain mail of the Desert {Harm rN+ Dex-4}
                  | (Okawaru gifted it to you on level 3 of the Snake Pit)
 26864 | Snake:3  | Received a gift from Okawaru
 26865 | Snake:3  | 26865 ||| Stepping ~*~*~tactically~*~*~ (hiding).
 26939 | Snake:3  | 26939 ||| Stepping ~*~*~tactically~*~*~ (stealth).
 26953 | Snake:3  | 26953 ||| INVOKING Heroism.
 27038 | Snake:3  | Found a transporter.
 27161 | Snake:3  | Found a runed translucent gate.
 27164 | Snake:3  | Found a runed translucent gate.
 27165 | Snake:3  | Found a runed translucent gate.
 27173 | Snake:3  | Noticed qw's ghost (adept GrBe)
 27204 | Snake:3  | Found a transporter.
 27356 | Snake:3  | Identified the ring "Marussua" {MP+9 Str+3}
 27425 | Snake:3  | 27425 ||| PLANNING SHOALS:4
 27425 | Snake:3  | 27425 ||| DROPPING ring "Marussua" {MP+9 Str+3}.
 27595 | Shoals:4 | Entered Level 4 of the Shoals
 27600 | Shoals:4 | 27600 ||| INVOKING Heroism.
 27601 | Shoals:4 | Noticed Polyphemus
 27601 | Shoals:4 | 27601 ||| INVOKING Finesse.
 27621 | Shoals:4 | Killed Polyphemus
 27628 | Shoals:4 | 27628 ||| INVOKING Heroism.
 27669 | Shoals:4 | 27669 ||| INVOKING Heroism.
 27676 | Shoals:4 | Reached skill level 18 in Armour
 27692 | Shoals:4 | Reached skill level 15 in Shields
 27724 | Shoals:4 | 27724 ||| INVOKING Heroism.
 27751 | Shoals:4 | 27751 ||| INVOKING Finesse.
 27762 | Shoals:4 | Identified the +8 dagger of qw's Instant Death {vorpal,
                  | rC++ Will+ Dex+3}
 27764 | Shoals:4 | 27764 ||| INVOKING Heroism.
 27787 | Shoals:4 | Reached skill level 16 in Fighting
 27792 | Shoals:4 | Reached XP level 19. HP: 100/125 MP: 22/26
 27801 | Shoals:4 | 27801 ||| INVOKING Finesse.
 27810 | Shoals:4 | 27810 ||| INVOKING Heroism.
 27864 | Shoals:4 | 27864 ||| INVOKING Finesse.
 27896 | Shoals:4 | 27896 ||| INVOKING Heroism.
 27904 | Shoals:4 | Identified the +9 rapier of the Vulture {freeze, rPois}
                  | (Okawaru gifted it to you on level 4 of the Shoals)
 27904 | Shoals:4 | Received a gift from Okawaru
 27971 | Shoals:4 | 27971 ||| INVOKING Heroism.
 28036 | Shoals:4 | 28036 ||| INVOKING Heroism.
 28037 | Shoals:4 | 28037 ||| INVOKING Finesse.
 28327 | Shoals:4 | 28327 ||| INVOKING Heroism.
 28360 | Shoals:4 | 28360 ||| INVOKING Heroism.
 28552 | Shoals:4 | Got a barnacled rune of Zot
 28785 | Shoals:4 | 28785 ||| PLANNING VAULTS:1-4
 29111 | Vaults:1 | Entered Level 1 of the Vaults
 29138 | Vaults:1 | 29138 ||| Stepping ~*~*~tactically~*~*~ (hiding).
 29175 | Vaults:1 | 29175 ||| Stepping ~*~*~tactically~*~*~ (stealth).
 29176 | Vaults:1 | 29176 ||| Stepping ~*~*~tactically~*~*~ (stealth).
 29187 | Vaults:1 | 29187 ||| INVOKING Heroism.
 29203 | Vaults:1 | 29203 ||| INVOKING Finesse.
 29260 | Vaults:1 | Received a gift from Okawaru
 29402 | Vaults:1 | 29402 ||| INVOKING Heroism.
 29425 | Vaults:1 | HP: 28/127 [ironbound thunderhulk/bolt of lightning (9)]
 29426 | Vaults:1 | 29426 ||| READING 14 scrolls of teleportation.
 29427 | Vaults:1 | 29427 ||| DRINKING 5 potions of heal wounds.
 29430 | Vaults:1 | HP: 29/127 [ironbound frostheart/creeping frost (9)]
 29431 | Vaults:1 | 29431 ||| DRINKING 4 potions of heal wounds.
 29505 | Vaults:1 | 29505 ||| Stepping ~*~*~tactically~*~*~ (stealth).
 29520 | Vaults:1 | 29520 ||| Stepping ~*~*~tactically~*~*~ (hiding).
 29524 | Vaults:1 | Received a gift from Okawaru
 29579 | Vaults:1 | 29579 ||| Stepping ~*~*~tactically~*~*~ (stealth).
 29598 | Vaults:1 | Identified the +7 quarterstaff of Symmetry {freeze, rC+
                  | Dex+3}
 29619 | Vaults:1 | 29619 ||| Stepping ~*~*~tactically~*~*~ (stealth).
 29620 | Vaults:1 | 29620 ||| INVOKING Heroism.
 29621 | Vaults:1 | 29621 ||| INVOKING Finesse.
 29638 | Vaults:1 | Reached skill level 17 in Fighting
 29772 | Vaults:1 | 29772 ||| INVOKING Heroism.
 29830 | Vaults:1 | 29830 ||| INVOKING Heroism.
 29996 | Vaults:1 | 29996 ||| Stepping ~*~*~tactically~*~*~ (stealth).
 30056 | Vaults:1 | 30056 ||| Stepping ~*~*~tactically~*~*~ (stealth).
 30060 | Vaults:1 | 30060 ||| Stepping ~*~*~tactically~*~*~ (stealth).
 30334 | Vaults:1 | 30334 ||| READING scroll of enchant armour.
 30334 | Vaults:1 | 30334 ||| ENCHANTING +0 gold dragon scales.
 30575 | Vaults:1 | 30575 ||| DROPPING +1 pair of gloves of stealth.
 30609 | Vaults:2 | 30609 ||| PLANNING WIZLAB
 30638 | Vaults:2 | 30638 ||| INVOKING Heroism.
 30667 | Vaults:2 | 30667 ||| Stepping ~*~*~tactically~*~*~ (hiding).
 30679 | Vaults:2 | 30679 ||| Stepping ~*~*~tactically~*~*~ (hiding).
 30696 | Vaults:2 | Reached XP level 20. HP: 134/134 MP: 27/27
 30815 | Vaults:2 | Found Tifuarghe's Jewellery Shoppe.
 30826 | Vaults:2 | 30826 ||| BUYING amulet of Xicrix {Acrobat Dex+2} (824
                  | gold).
 30826 | Vaults:2 | Bought the amulet of Xicrix {Acrobat Dex+2} for 824 gold
                  | pieces
 30826 | Vaults:2 | 30826 ||| SHOPLISTING ring of Aho Wie {Dex+4 Slay+4} (1868
                  | gold, have 998).
 30826 | Vaults:2 | 30826 ||| BUYING ring of ice (500 gold).
 30826 | Vaults:2 | Bought a ring of ice for 500 gold pieces
 30826 | Vaults:2 | 30826 ||| BUYING ring of resist corrosion (400 gold).
 30826 | Vaults:2 | Bought a ring of resist corrosion for 400 gold pieces
 30863 | Vaults:2 | 30863 ||| Stepping ~*~*~tactically~*~*~ (hiding).
 30873 | Vaults:2 | Received a gift from Okawaru
 30900 | Vaults:2 | 30900 ||| Stepping ~*~*~tactically~*~*~ (hiding).
 30901 | Vaults:2 | 30901 ||| Stepping ~*~*~tactically~*~*~ (hiding).
 30916 | Vaults:2 | 30916 ||| Stepping ~*~*~tactically~*~*~ (stealth).
 30928 | Vaults:2 | 30928 ||| READING scroll of acquirement.
 30928 | Vaults:2 | 30928 ||| ACQUIRING ring of the Philosopher {*Corrode rElec
                  | rF- rC+ Will+++}
 30928 | Vaults:2 | Acquired the ring of the Philosopher {*Corrode rElec rF-
                  | rC+ Will+++}
 30937 | Vaults:2 | 30937 ||| INVOKING Heroism.
 30969 | Vaults:2 | Reached skill level 18 in Fighting
 30979 | Vaults:2 | 30979 ||| Stepping ~*~*~tactically~*~*~ (hiding).
 30983 | Vaults:2 | 30983 ||| Stepping ~*~*~tactically~*~*~ (hiding).
 30990 | Vaults:2 | 30990 ||| INVOKING Heroism.
 31041 | Vaults:2 | 31041 ||| Stepping ~*~*~tactically~*~*~ (hiding).
 31172 | Vaults:2 | 31172 ||| Stepping ~*~*~tactically~*~*~ (stealth).
 31188 | Vaults:2 | 31188 ||| INVOKING Heroism.
 31221 | Vaults:2 | Received a gift from Okawaru
 31309 | Vaults:2 | 31309 ||| RIP WIZLAB
 31320 | Vaults:2 | 31320 ||| PLANNING VAULTS:1-4
 31376 | Vaults:2 | 31376 ||| Stepping ~*~*~tactically~*~*~ (hiding).
 31531 | Vaults:2 | 31531 ||| Stepping ~*~*~tactically~*~*~ (stealth).
 31535 | Vaults:2 | 31535 ||| INVOKING Heroism.
 31542 | Vaults:2 | 31542 ||| Stepping ~*~*~tactically~*~*~ (stealth).
 31674 | Vaults:2 | Identified the +11 dagger of Watchfulness {drain, rPois
                  | rN+++ Str-2 SInv}
 31735 | Vaults:2 | Found a staircase to the Crypt.
 31922 | Vaults:2 | 31922 ||| UPGRADING to amulet of Xicrix {Acrobat Dex+2}.
 31988 | Vaults:3 | Identified the +2 halberd of Sepuf {vamp, rCorr Str+2
                  | Int+2}
 32102 | Vaults:3 | 32102 ||| INVOKING Heroism.
 32107 | Vaults:3 | 32107 ||| Stepping ~*~*~tactically~*~*~ (hiding).
 32114 | Vaults:3 | Reached skill level 6 in Dodging
 32120 | Vaults:3 | Reached skill level 9 in Throwing
 32162 | Vaults:3 | Noticed Boris
 32163 | Vaults:3 | 32163 ||| Stepping ~*~*~tactically~*~*~ (stealth).
 32165 | Vaults:3 | 32165 ||| Stepping ~*~*~tactically~*~*~ (hiding).
 32167 | Vaults:3 | 32167 ||| INVOKING Heroism.
 32169 | Vaults:3 | 32169 ||| INVOKING Finesse.
 32182 | Vaults:3 | Killed Boris
 32284 | Vaults:3 | 32284 ||| Stepping ~*~*~tactically~*~*~ (hiding).
 32288 | Vaults:3 | 32288 ||| INVOKING Heroism.
 32294 | Vaults:3 | Received a gift from Okawaru
 32313 | Vaults:3 | 32313 ||| Stepping ~*~*~tactically~*~*~ (hiding).
 32368 | Vaults:3 | 32368 ||| INVOKING Heroism.
 32412 | Vaults:3 | 32412 ||| Stepping ~*~*~tactically~*~*~ (hiding).
 32413 | Vaults:3 | 32413 ||| Stepping ~*~*~tactically~*~*~ (hiding).
 32414 | Vaults:3 | 32414 ||| Stepping ~*~*~tactically~*~*~ (hiding).
 32415 | Vaults:3 | 32415 ||| Stepping ~*~*~tactically~*~*~ (hiding).
 32416 | Vaults:3 | 32416 ||| Stepping ~*~*~tactically~*~*~ (hiding).
 32417 | Vaults:3 | 32417 ||| Stepping ~*~*~tactically~*~*~ (hiding).
 32418 | Vaults:3 | 32418 ||| Stepping ~*~*~tactically~*~*~ (hiding).
 32633 | Vaults:3 | 32633 ||| INVOKING Heroism.
 32789 | Vaults:3 | Received a gift from Okawaru
 32791 | Vaults:3 | 32791 ||| DROPPING +1 broad axe of electrocution.
 32803 | Vaults:3 | 32803 ||| READING scroll of enchant weapon.
 32803 | Vaults:3 | 32803 ||| ENCHANTING +7 broad axe of freezing.
 32816 | Vaults:3 | 32816 ||| Stepping ~*~*~tactically~*~*~ (stealth).
 32918 | Vaults:3 | 32918 ||| READING 13 scrolls of teleportation.
 33100 | Vaults:3 | 33100 ||| Stepping ~*~*~tactically~*~*~ (stealth).
 33105 | Vaults:3 | 33105 ||| Stepping ~*~*~tactically~*~*~ (stealth).
 33118 | Vaults:3 | Reached skill level 21 in Armour
 33118 | Vaults:3 | Reached XP level 21. HP: 129/141 MP: 28/28
 33292 | Vaults:3 | 33292 ||| Stepping ~*~*~tactically~*~*~ (stealth).
 33299 | Vaults:3 | 33299 ||| INVOKING Heroism.
 33397 | Vaults:4 | 33397 ||| INVOKING Heroism.
 33425 | Vaults:4 | 33425 ||| Stepping ~*~*~tactically~*~*~ (stealth).
 33427 | Vaults:4 | 33427 ||| Stepping ~*~*~tactically~*~*~ (hiding).
 33432 | Vaults:4 | 33432 ||| Stepping ~*~*~tactically~*~*~ (hiding).
 33433 | Vaults:4 | 33433 ||| Stepping ~*~*~tactically~*~*~ (hiding).
 33435 | Vaults:4 | 33435 ||| Stepping ~*~*~tactically~*~*~ (hiding).
 33438 | Vaults:4 | 33438 ||| INVOKING Heroism.
 33475 | Vaults:4 | 33475 ||| Stepping ~*~*~tactically~*~*~ (stealth).
 33614 | Vaults:4 | 33614 ||| INVOKING Heroism.
 33622 | Vaults:4 | Noticed Boris
 33622 | Vaults:4 | 33622 ||| INVOKING Finesse.
 33639 | Vaults:4 | Killed Boris
 33643 | Vaults:4 | 33643 ||| Stepping ~*~*~tactically~*~*~ (hiding).
 33655 | Vaults:4 | Received a gift from Okawaru
 33666 | Vaults:4 | Reached skill level 19 in Fighting
 33702 | Vaults:4 | Noticed Margery
 33703 | Vaults:4 | 33703 ||| DRINKING 3 potions of resistance.
 33712 | Vaults:4 | 33712 ||| INVOKING Heroism.
 33716 | Vaults:4 | Killed Margery
 33777 | Vaults:4 | 33777 ||| FLEEEEING.
 33778 | Vaults:4 | 33778 ||| FLEEEEING.
 33779 | Vaults:4 | 33779 ||| FLEEEEING.
 33780 | Vaults:4 | 33780 ||| FLEEEEING.
 33781 | Vaults:4 | 33781 ||| FLEEEEING.
 33783 | Vaults:4 | 33783 ||| Stepping ~*~*~tactically~*~*~ (stealth).
 33786 | Vaults:4 | 33786 ||| FLEEEEING.
 33787 | Vaults:4 | 33787 ||| Stepping ~*~*~tactically~*~*~ (hiding).
 33789 | Vaults:4 | 33789 ||| Stepping ~*~*~tactically~*~*~ (hiding).
 33791 | Vaults:4 | 33791 ||| Stepping ~*~*~tactically~*~*~ (hiding).
 33793 | Vaults:4 | 33793 ||| INVOKING Heroism.
 33813 | Vaults:4 | 33813 ||| Stepping ~*~*~tactically~*~*~ (hiding).
 33883 | Vaults:4 | 33883 ||| DROPPING +0 broad axe of freezing.
 33991 | Vaults:4 | 33991 ||| INVOKING Heroism.
 34003 | Vaults:4 | 34003 ||| Stepping ~*~*~tactically~*~*~ (stealth).
 34041 | Vaults:4 | 34041 ||| READING scroll of brand weapon.
 34041 | Vaults:4 | 34041 ||| BRANDING +8 broad axe of freezing.
 34166 | Vaults:4 | 34166 ||| Stepping ~*~*~tactically~*~*~ (hiding).
 34285 | Vaults:4 | 34285 ||| Stepping ~*~*~tactically~*~*~ (stealth).
 34332 | Vaults:4 | Found Jucud's Armour Emporium.
 34497 | Vaults:4 | 34497 ||| Stepping ~*~*~tactically~*~*~ (hiding).
 34557 | Vaults:4 | 34557 ||| INVOKING Heroism.
 34563 | Vaults:4 | Identified the +0 helmet of Okawaru's Whim {Rampage +Inv
                  | rF-} (Okawaru gifted it to you on level 4 of the Vaults)
 34563 | Vaults:4 | Received a gift from Okawaru
 34604 | Vaults:4 | 34604 ||| INVOKING Heroism.
 34745 | Vaults:4 | 34745 ||| INVOKING Heroism.
 34817 | Vaults:4 | 34817 ||| Stepping ~*~*~tactically~*~*~ (stealth).
 34820 | Vaults:4 | 34820 ||| Stepping ~*~*~tactically~*~*~ (stealth).
 34822 | Vaults:4 | 34822 ||| INVOKING Heroism.
 34966 | Vaults:4 | 34966 ||| FLEEEEING.
 34967 | Vaults:4 | 34967 ||| FLEEEEING.
 34968 | Vaults:4 | 34968 ||| FLEEEEING.
 34969 | Vaults:4 | 34969 ||| FLEEEEING.
 34970 | Vaults:4 | 34970 ||| FLEEEEING.
 34971 | Vaults:4 | 34971 ||| FLEEEEING.
 34972 | Vaults:4 | 34972 ||| FLEEEEING.
 34973 | Vaults:4 | 34973 ||| FLEEEEING.
 34974 | Vaults:4 | 34974 ||| FLEEEEING.
 35064 | Vaults:4 | 35064 ||| PLANNING SNAKE:4
 35064 | Vaults:4 | 35064 ||| DROPPING +0 helmet of Okawaru's Whim {Rampage
                  | +Inv rF-}.
 35065 | Vaults:4 | 35065 ||| DROPPING scarf of repulsion.
 35066 | Vaults:4 | 35066 ||| DROPPING +4 ring of protection.
 35542 | Snake:4  | Entered Level 4 of the Snake Pit
 35598 | Snake:4  | 35598 ||| INVOKING Heroism.
 35628 | Snake:4  | 35628 ||| Stepping ~*~*~tactically~*~*~ (hiding).
 35637 | Snake:4  | 35637 ||| Stepping ~*~*~tactically~*~*~ (hiding).
 35657 | Snake:4  | 35657 ||| INVOKING Heroism.
 35988 | Snake:4  | 35988 ||| Stepping ~*~*~tactically~*~*~ (hiding).
 36151 | Snake:4  | 36151 ||| Stepping ~*~*~tactically~*~*~ (stealth).
 36174 | Snake:4  | 36174 ||| FLEEEEING.
 36175 | Snake:4  | 36175 ||| FLEEEEING.
 36192 | Snake:4  | 36192 ||| FLEEEEING.
 36193 | Snake:4  | 36193 ||| FLEEEEING.
 36194 | Snake:4  | 36194 ||| FLEEEEING.
 36195 | Snake:4  | 36195 ||| FLEEEEING.
 36201 | Snake:4  | 36201 ||| STAIRDANCE
 36339 | Snake:4  | 36339 ||| Stepping ~*~*~tactically~*~*~ (hiding).
 36533 | Snake:4  | Reached XP level 22. HP: 147/152 MP: 29/29
 36534 | Snake:4  | 36534 ||| INVOKING Heroism.
 36559 | Snake:4  | Reached skill level 20 in Fighting
 36658 | Snake:4  | 36658 ||| INVOKING Heroism.
 36716 | Snake:4  | 36716 ||| Stepping ~*~*~tactically~*~*~ (stealth).
 36729 | Snake:4  | 36729 ||| Stepping ~*~*~tactically~*~*~ (hiding).
 36782 | Snake:4  | 36782 ||| Stepping ~*~*~tactically~*~*~ (stealth).
 36791 | Snake:4  | 36791 ||| Stepping ~*~*~tactically~*~*~ (stealth).
 36805 | Snake:4  | Received a gift from Okawaru
 36817 | Snake:4  | 36817 ||| Stepping ~*~*~tactically~*~*~ (hiding).
 36818 | Snake:4  | 36818 ||| Stepping ~*~*~tactically~*~*~ (hiding).
 36856 | Snake:4  | 36856 ||| Stepping ~*~*~tactically~*~*~ (stealth).
 36868 | Snake:4  | 36868 ||| INVOKING Heroism.
 36899 | Snake:4  | 36899 ||| INVOKING Heroism.
 37107 | Snake:4  | Got a serpentine rune of Zot
 37314 | Snake:4  | 37314 ||| PLANNING DEPTHS
 37314 | Snake:4  | 37314 ||| DROPPING amulet of magic regeneration.
 37655 | Depths:1 | Entered Level 1 of the Depths
 37665 | Depths:1 | 37665 ||| Stepping ~*~*~tactically~*~*~ (stealth).
 37666 | Depths:1 | 37666 ||| Stepping ~*~*~tactically~*~*~ (hiding).
 37667 | Depths:1 | 37667 ||| INVOKING Heroism.
 37698 | Depths:1 | 37698 ||| INVOKING Heroism.
 37713 | Depths:1 | 37713 ||| INVOKING Finesse.
 37729 | Depths:1 | Received a gift from Okawaru
 37733 | Depths:1 | 37733 ||| INVOKING Heroism.
 37754 | Depths:1 | 37754 ||| Stepping ~*~*~tactically~*~*~ (stealth).
 37769 | Depths:1 | 37769 ||| INVOKING Finesse.
 37780 | Depths:1 | 37780 ||| INVOKING Heroism.
 37912 | Depths:1 | 37912 ||| Stepping ~*~*~tactically~*~*~ (stealth).
 37913 | Depths:1 | 37913 ||| INVOKING Finesse.
 37967 | Depths:1 | 37967 ||| Stepping ~*~*~tactically~*~*~ (hiding).
 37969 | Depths:1 | 37969 ||| Stepping ~*~*~tactically~*~*~ (hiding).
 37970 | Depths:1 | 37970 ||| Stepping ~*~*~tactically~*~*~ (hiding).
 37971 | Depths:1 | 37971 ||| Stepping ~*~*~tactically~*~*~ (hiding).
 38128 | Depths:1 | 38128 ||| Stepping ~*~*~tactically~*~*~ (stealth).
 38136 | Depths:1 | 38136 ||| INVOKING Heroism.
 38375 | Depths:1 | Found a gateway to Hell.
 38376 | Depths:1 | 38376 ||| INVOKING Heroism.
 38827 | Depths:1 | 38827 ||| Stepping ~*~*~tactically~*~*~ (hiding).
 39020 | Depths:1 | 39020 ||| DROPPING +1 pair of gloves.
 39071 | Depths:2 | 39071 ||| Stepping ~*~*~tactically~*~*~ (hiding).
 39072 | Depths:2 | 39072 ||| Stepping ~*~*~tactically~*~*~ (hiding).
 39073 | Depths:2 | 39073 ||| Stepping ~*~*~tactically~*~*~ (hiding).
 39074 | Depths:2 | 39074 ||| INVOKING Heroism.
 39075 | Depths:2 | 39075 ||| INVOKING Finesse.
 39144 | Depths:2 | 39144 ||| Stepping ~*~*~tactically~*~*~ (stealth).
 39145 | Depths:2 | 39145 ||| INVOKING Heroism.
 39161 | Depths:2 | Reached skill level 21 in Fighting
 39167 | Depths:2 | Reached skill level 18 in Shields
 39170 | Depths:2 | Received a gift from Okawaru
 39237 | Depths:2 | 39237 ||| Stepping ~*~*~tactically~*~*~ (stealth).
 39238 | Depths:2 | 39238 ||| Stepping ~*~*~tactically~*~*~ (stealth).
 39240 | Depths:2 | 39240 ||| Stepping ~*~*~tactically~*~*~ (stealth).
 39242 | Depths:2 | 39242 ||| Stepping ~*~*~tactically~*~*~ (stealth).
 39245 | Depths:2 | 39245 ||| Stepping ~*~*~tactically~*~*~ (stealth).
 39281 | Depths:2 | 39281 ||| FLEEEEING.
 39283 | Depths:2 | 39283 ||| FLEEEEING.
 39284 | Depths:2 | 39284 ||| STAIRDANCE
 39347 | Depths:2 | 39347 ||| INVOKING Heroism.
 39398 | Depths:2 | You are sucked into a shaft and drop 2 floors!
 39398 | Depths:4 | Entered Level 4 of the Depths
 39422 | Depths:3 | 39422 ||| INVOKING Heroism.
 39423 | Depths:3 | 39423 ||| INVOKING Finesse.
 39485 | Depths:3 | 39485 ||| Stepping ~*~*~tactically~*~*~ (hiding).
 39490 | Depths:3 | 39490 ||| INVOKING Heroism.
 39531 | Depths:3 | 39531 ||| INVOKING Heroism.
 39539 | Depths:3 | Received a gift from Okawaru
 39543 | Depths:3 | HP: 31/155 [fire giant/bolt of fire (21)]
 39544 | Depths:3 | 39544 ||| READING 13 scrolls of teleportation.
 39545 | Depths:3 | 39545 ||| DRINKING 3 potions of heal wounds.
 39547 | Depths:3 | Reached XP level 23. HP: 60/160 MP: 30/30
 39581 | Depths:3 | 39581 ||| INVOKING Heroism.
 39605 | Depths:3 | Found the ring of the Octopus King {Fly HP+2 AC+2 EV+2
                  | SH+2}
 39606 | Depths:3 | 39606 ||| Stepping ~*~*~tactically~*~*~ (stealth).
 39646 | Depths:3 | 39646 ||| Stepping ~*~*~tactically~*~*~ (stealth).
 39648 | Depths:3 | 39648 ||| INVOKING Heroism.
 39653 | Depths:3 | 39653 ||| Stepping ~*~*~tactically~*~*~ (hiding).
 39947 | Depths:2 | 39947 ||| INVOKING Heroism.
 39957 | Depths:2 | Received a gift from Okawaru
 39970 | Depths:2 | Found a one-way gate to the infinite horrors of the Abyss.
 40005 | Depths:2 | 40005 ||| INVOKING Heroism.
 40006 | Depths:2 | 40006 ||| INVOKING Finesse.
 40018 | Depths:2 | 40018 ||| Stepping ~*~*~tactically~*~*~ (hiding).
 40028 | Depths:2 | 40028 ||| Stepping ~*~*~tactically~*~*~ (hiding).
 40029 | Depths:2 | 40029 ||| Stepping ~*~*~tactically~*~*~ (hiding).
 40032 | Depths:2 | 40032 ||| Stepping ~*~*~tactically~*~*~ (hiding).
 40033 | Depths:2 | 40033 ||| Stepping ~*~*~tactically~*~*~ (hiding).
 40052 | Depths:2 | 40052 ||| Stepping ~*~*~tactically~*~*~ (stealth).
 40053 | Depths:2 | 40053 ||| Stepping ~*~*~tactically~*~*~ (stealth).
 40059 | Depths:2 | 40059 ||| INVOKING Heroism.
 40087 | Depths:2 | Received a gift from Okawaru
 40179 | Depths:2 | 40179 ||| INVOKING Heroism.
 40180 | Depths:2 | 40180 ||| INVOKING Finesse.
 40227 | Depths:2 | Reached skill level 22 in Fighting
 40287 | Depths:2 | Found a one-way gate leading to the halls of Pandemonium.
 40363 | Depths:2 | Found a runed translucent door.
 40630 | Depths:2 | 40630 ||| INVOKING Heroism.
 40644 | Depths:2 | 40644 ||| READING scroll of enchant weapon.
 40644 | Depths:2 | 40644 ||| ENCHANTING +8 broad axe of draining.
 40689 | Depths:2 | Found a runed translucent door.
 40690 | Depths:2 | Noticed an ancient lich
 40697 | Depths:2 | 40697 ||| INVOKING Heroism.
 40698 | Depths:2 | 40698 ||| INVOKING Finesse.
 40704 | Depths:2 | Killed an ancient lich
 40704 | Depths:2 | Received a gift from Okawaru
 40762 | Depths:3 | 40762 ||| Stepping ~*~*~tactically~*~*~ (stealth).
 40764 | Depths:3 | 40764 ||| Stepping ~*~*~tactically~*~*~ (hiding).
 40766 | Depths:3 | 40766 ||| INVOKING Heroism.
 40786 | Depths:3 | Noticed Boris
 40788 | Depths:3 | 40788 ||| Stepping ~*~*~tactically~*~*~ (hiding).
 40789 | Depths:3 | 40789 ||| INVOKING Finesse.
 40810 | Depths:3 | Killed Boris
 40842 | Depths:3 | 40842 ||| Stepping ~*~*~tactically~*~*~ (hiding).
 40855 | Depths:3 | Reached skill level 12 in Throwing
 40906 | Depths:3 | 40906 ||| INVOKING Heroism.
 40952 | Depths:3 | 40952 ||| Stepping ~*~*~tactically~*~*~ (hiding).
 40970 | Depths:3 | 40970 ||| Stepping ~*~*~tactically~*~*~ (hiding).
 40971 | Depths:3 | 40971 ||| Stepping ~*~*~tactically~*~*~ (hiding).
 40971 | Depths:3 | Identified the ring "Fonwar" {Str+6 Int+4}
 40972 | Depths:3 | 40972 ||| INVOKING Heroism.
 40973 | Depths:3 | 40973 ||| Stepping ~*~*~tactically~*~*~ (hiding).
 40979 | Depths:3 | Noticed Sojobo
 40980 | Depths:3 | 40980 ||| INVOKING Finesse.
 41005 | Depths:3 | Killed Sojobo
 41015 | Depths:3 | Reached skill level 9 in Dodging
 41049 | Depths:3 | Found Jifonuax's Jewellery Boutique.
 41058 | Depths:3 | 41058 ||| Stepping ~*~*~tactically~*~*~ (hiding).
 41117 | Depths:3 | 41117 ||| INVOKING Finesse.
 41127 | Depths:3 | 41127 ||| INVOKING Heroism.
 41197 | Depths:3 | Found a one-way gateway to a ziggurat.
 41231 | Depths:3 | Identified the +5 sling "Gyddoiq" {flame, rC+ Str+4}
 41243 | Depths:3 | Identified the ring "Xothruv" {rElec rCorr Dex+3}
 41246 | Depths:3 | 41246 ||| Stepping ~*~*~tactically~*~*~ (hiding).
 41247 | Depths:3 | 41247 ||| INVOKING Heroism.
 41258 | Depths:3 | Identified the ring of Fun {rPois rC+ rN++ rCorr Dex-5}
 41273 | Depths:3 | 41273 ||| INVOKING Finesse.
 41333 | Depths:3 | 41333 ||| INVOKING Heroism.
 41335 | Depths:3 | Found a transporter.
 41343 | Depths:3 | 41343 ||| Stepping ~*~*~tactically~*~*~ (hiding).
 41354 | Depths:3 | 41354 ||| Stepping ~*~*~tactically~*~*~ (hiding).
 41355 | Depths:3 | 41355 ||| Stepping ~*~*~tactically~*~*~ (hiding).
 41357 | Depths:3 | 41357 ||| INVOKING Finesse.
 41358 | Depths:3 | 41358 ||| INVOKING Finesse.
 41371 | Depths:3 | 41371 ||| Stepping ~*~*~tactically~*~*~ (hiding).
 41555 | Depths:3 | 41555 ||| READING 2 scrolls of enchant armour.
 41555 | Depths:3 | 41555 ||| ENCHANTING +1 gold dragon scales.
 41556 | Depths:3 | 41556 ||| READING scroll of enchant armour.
 41556 | Depths:3 | 41556 ||| ENCHANTING +2 gold dragon scales.
 41727 | Depths:3 | 41727 ||| INVOKING Heroism.
 41734 | Depths:3 | 41734 ||| Stepping ~*~*~tactically~*~*~ (hiding).
 41942 | Depths:3 | Received a gift from Okawaru
 42019 | Depths:3 | 42019 ||| BUYING amulet of reflection (480 gold).
 42019 | Depths:3 | Bought an amulet of reflection for 480 gold pieces
 42019 | Depths:3 | 42019 ||| BUYING ring of protection from cold (400 gold).
 42019 | Depths:3 | Bought a ring of protection from cold for 400 gold pieces
 42043 | Depths:3 | 42043 ||| INVOKING Heroism.
 42094 | Depths:3 | Found a transporter.
 42114 | Depths:3 | 42114 ||| DROPPING amulet of regeneration.
 42115 | Depths:3 | 42115 ||| UPGRADING to amulet of reflection.
 42125 | Depths:3 | 42125 ||| DROPPING amulet of Xicrix {Acrobat Dex+2}.
 42126 | Depths:3 | 42126 ||| UPGRADING to ring of the Octopus King {Fly HP+2
                  | AC+2 EV+2 SH+2}.
 42131 | Depths:3 | 42131 ||| DROPPING +4 ring of evasion.
 42158 | Depths:2 | Identified the +8 quarterstaff of qw's Instant Death
                  | {vorpal, rF+ rC+ Str+7}
 42195 | Depths:4 | 42195 ||| Stepping ~*~*~tactically~*~*~ (hiding).
 42196 | Depths:4 | 42196 ||| Stepping ~*~*~tactically~*~*~ (hiding).
 42205 | Depths:4 | 42205 ||| INVOKING Heroism.
 42227 | Depths:4 | Noticed a caustic shrike
 42228 | Depths:4 | 42228 ||| INVOKING Finesse.
 42232 | Depths:4 | Noticed a caustic shrike
 42232 | Depths:4 | Noticed a caustic shrike
 42233 | Depths:4 | Noticed a caustic shrike
 42233 | Depths:4 | Noticed a caustic shrike
 42233 | Depths:4 | Noticed a golden dragon
 42238 | Depths:4 | Killed a caustic shrike
 42249 | Depths:4 | Killed a caustic shrike
 42261 | Depths:4 | Killed a caustic shrike
 42261 | Depths:4 | Received a gift from Okawaru
 42266 | Depths:4 | Killed a caustic shrike
 42268 | Depths:4 | Killed a caustic shrike
 42282 | Depths:4 | Killed a golden dragon
 42282 | Depths:4 | Received a gift from Okawaru
 42319 | Depths:4 | 42319 ||| INVOKING Heroism.
 42323 | Depths:4 | Received a gift from Okawaru
 42324 | Depths:4 | Reached XP level 24. HP: 121/169 MP: 28/30
 42357 | Depths:4 | 42357 ||| Stepping ~*~*~tactically~*~*~ (stealth).
 42416 | Depths:4 | 42416 ||| Stepping ~*~*~tactically~*~*~ (hiding).
 42432 | Depths:4 | 42432 ||| FLEEEEING.
 42433 | Depths:4 | 42433 ||| FLEEEEING.
 42434 | Depths:4 | 42434 ||| FLEEEEING.
 42435 | Depths:4 | 42435 ||| FLEEEEING.
 42436 | Depths:4 | 42436 ||| FLEEEEING.
 42437 | Depths:4 | 42437 ||| FLEEEEING.
 42438 | Depths:4 | 42438 ||| STAIRDANCE
 42556 | Depths:4 | 42556 ||| INVOKING Heroism.
 42564 | Depths:4 | Reached skill level 23 in Fighting
 42572 | Depths:4 | Received a gift from Okawaru
 42823 | Depths:4 | Found a white marble altar of Elyvilon.
 42932 | Depths:4 | Found a gate to the Realm of Zot.
 43013 | Depths:4 | 43013 ||| Stepping ~*~*~tactically~*~*~ (stealth).
 43015 | Depths:4 | 43015 ||| Stepping ~*~*~tactically~*~*~ (stealth).
 43018 | Depths:4 | 43018 ||| Stepping ~*~*~tactically~*~*~ (hiding).
 43119 | Depths:4 | 43119 ||| PLANNING VAULTS:5
 43119 | Depths:4 | 43119 ||| DROPPING +2 pair of gloves.
 43432 | Vaults:5 | Entered Level 5 of the Vaults
 43433 | Vaults:5 | 43433 ||| INVOKING Heroism.
 43434 | Vaults:5 | 43434 ||| STAIRDANCE
 43490 | Vaults:5 | 43490 ||| STAIRDANCE
 43492 | Vaults:4 | 43492 ||| INVOKING Heroism.
 43547 | Vaults:5 | 43547 ||| INVOKING Heroism.
 43548 | Vaults:5 | 43548 ||| INVOKING Finesse.
 43552 | Vaults:5 | 43552 ||| STAIRDANCE
 43651 | Vaults:5 | 43651 ||| STAIRDANCE
 43653 | Vaults:4 | 43653 ||| INVOKING Heroism.
 43761 | Vaults:5 | 43761 ||| STAIRDANCE
 43763 | Vaults:4 | 43763 ||| INVOKING Heroism.
 43862 | Vaults:5 | 43862 ||| STAIRDANCE
 43864 | Vaults:4 | 43864 ||| INVOKING Heroism.
 43872 | Vaults:4 | Received a gift from Okawaru
 44007 | Vaults:5 | Noticed a dread lich
 44008 | Vaults:5 | 44008 ||| DRINKING 2 potions of resistance.
 44008 | Vaults:5 | Noticed Mara
 44009 | Vaults:5 | 44009 ||| INVOKING Heroism.
 44013 | Vaults:5 | 44013 ||| INVOKING Finesse.
 44022 | Vaults:5 | Received a gift from Okawaru
 44023 | Vaults:5 | 44023 ||| STAIRDANCE
 44030 | Vaults:4 | Killed Mara
 44041 | Vaults:4 | Killed a dread lich
 44042 | Vaults:4 | Reached skill level 24 in Fighting
 44325 | Vaults:5 | 44325 ||| INVOKING Heroism.
 44333 | Vaults:5 | 44333 ||| INVOKING Finesse.
 44342 | Vaults:5 | HP: 41/175 [vault warden/+3 bardiche (10)]
 44343 | Vaults:5 | 44343 ||| READING 12 scrolls of teleportation.
 44343 | Vaults:5 | HP: 18/175 [titan/the air (16)]
 44344 | Vaults:5 | 44344 ||| DRINKING 2 potions of heal wounds.
 44347 | Vaults:5 | Received a gift from Okawaru
 44348 | Vaults:5 | 44348 ||| DRINKING potion of heal wounds.
 44725 | Vaults:5 | Got a silver rune of Zot
 44782 | Vaults:5 | 44782 ||| INVOKING Heroism.
 44783 | Vaults:5 | 44783 ||| INVOKING Finesse.
 44812 | Vaults:5 | Identified the +6 flail of Flawed Execution {freeze, rElec
                  | Stlth+}
 44823 | Vaults:5 | 44823 ||| Stepping ~*~*~tactically~*~*~ (hiding).
 44836 | Vaults:5 | 44836 ||| Stepping ~*~*~tactically~*~*~ (hiding).
 44844 | Vaults:5 | 44844 ||| Stepping ~*~*~tactically~*~*~ (hiding).
 44845 | Vaults:5 | 44845 ||| Stepping ~*~*~tactically~*~*~ (hiding).
 44855 | Vaults:5 | 44855 ||| INVOKING Heroism.
 44898 | Vaults:5 | Received a gift from Okawaru
 44907 | Vaults:5 | 44907 ||| INVOKING Heroism.
 44933 | Vaults:5 | HP: 43/173 [tengu reaver/bolt of negative energy (8)]
 44934 | Vaults:5 | 44934 ||| READING 12 scrolls of teleportation.
 44935 | Vaults:5 | Identified the +6 war axe "Umualu Cinn" {vamp, MP+9}
                  | (Okawaru gifted it to you on level 5 of the Vaults)
 44935 | Vaults:5 | Received a gift from Okawaru
 45157 | Vaults:5 | 45157 ||| INVOKING Heroism.
 45301 | Vaults:5 | 45301 ||| INVOKING Heroism.
 45327 | Vaults:5 | 45327 ||| INVOKING Heroism.
 45749 | Vaults:5 | 45749 ||| SWAPPING to +6 war axe "Umualu Cinn" {vamp,
                  | MP+9}.
 45988 | Vaults:5 | 45988 ||| INVOKING Heroism.
 46015 | Vaults:5 | 46015 ||| Stepping ~*~*~tactically~*~*~ (stealth).
 46016 | Vaults:5 | 46016 ||| Stepping ~*~*~tactically~*~*~ (stealth).
 46018 | Vaults:5 | 46018 ||| Stepping ~*~*~tactically~*~*~ (hiding).
 46032 | Vaults:5 | Noticed a dread lich
 46033 | Vaults:5 | 46033 ||| INVOKING Finesse.
 46052 | Vaults:5 | Killed a dread lich
 46053 | Vaults:5 | Reached skill level 25 in Fighting
 46053 | Vaults:5 | Reached XP level 25. HP: 181/181 MP: 30/30
 46066 | Vaults:5 | Noticed a dread lich
 46067 | Vaults:5 | 46067 ||| INVOKING Heroism.
 46078 | Vaults:5 | Killed a dread lich
 46409 | Vaults:5 | Identified the amulet "Wuatseod" {Reflect rElec Will+ Int-5
                  | Slay+5 SH+5}
 46410 | Vaults:5 | 46410 ||| Stepping ~*~*~tactically~*~*~ (hiding).
 46420 | Vaults:5 | Identified the +9 dagger of Red Wine {venom, rN++ rCorr}
 46463 | Vaults:5 | 46463 ||| Stepping ~*~*~tactically~*~*~ (stealth).
 46465 | Vaults:5 | 46465 ||| Stepping ~*~*~tactically~*~*~ (stealth).
 46467 | Vaults:5 | 46467 ||| Stepping ~*~*~tactically~*~*~ (hiding).
 46469 | Vaults:5 | 46469 ||| INVOKING Heroism.
 46510 | Vaults:5 | Found the +9 staff of Wucad Mu {*channel}
 46518 | Vaults:5 | Identified the +10 plate armour "Wosohairch" {rPois Str+5}
 46524 | Vaults:5 | Identified the +5 hand axe of Ravage {drain, rElec rC-
                  | Will+ Str+4}
 46560 | Vaults:5 | 46560 ||| PLANNING SHOPPING SPREE
 46560 | Vaults:5 | 46560 ||| DROPPING +0 pair of boots of stealth.
 46561 | Vaults:5 | 46561 ||| DROPPING +0 crystal plate armour.
 46562 | Vaults:5 | 46562 ||| UPGRADING to +10 plate armour "Wosohairch" {rPois
                  | Str+5}.
 46572 | Vaults:5 | 46572 ||| UPGRADING to amulet "Wuatseod" {Reflect rElec
                  | Will+ Int-5 Slay+5 SH+5}.
 46582 | Vaults:5 | 46582 ||| DROPPING amulet of reflection.
 46583 | Vaults:5 | 46583 ||| UPGRADING to ring of Nouteet {rPois rF+ Str+4}.
 46905 | D:15     | 46905 ||| CLEARING SHOPPING LIST
 46905 | D:15     | 46905 ||| PLANNING ZOT
 46905 | D:15     | 46905 ||| READING 13 scrolls of teleportation.
 47056 | Zot:1    | Entered Level 1 of the Realm of Zot
 47226 | Zot:1    | 47226 ||| INVOKING Heroism.
 47260 | Zot:1    | Noticed an orb of fire
 47261 | Zot:1    | 47261 ||| DRINKING potion of resistance.
 47262 | Zot:1    | 47262 ||| INVOKING Finesse.
 47281 | Zot:1    | Killed an orb of fire
 47297 | Zot:1    | 47297 ||| INVOKING Heroism.
 47306 | Zot:1    | Received a gift from Okawaru
 47327 | Zot:1    | Identified the +0 crystal plate armour of the Carpenter
                  | {rN+ rCorr Dex-2} (Okawaru gifted it to you on level 1 of
                  | the Realm of Zot)
 47327 | Zot:1    | Received a gift from Okawaru
 47500 | Zot:1    | 47500 ||| Stepping ~*~*~tactically~*~*~ (hiding).
 47757 | Zot:1    | 47757 ||| Stepping ~*~*~tactically~*~*~ (hiding).
 47762 | Zot:1    | 47762 ||| INVOKING Heroism.
 47954 | Zot:1    | 47954 ||| Stepping ~*~*~tactically~*~*~ (hiding).
 47955 | Zot:1    | 47955 ||| Stepping ~*~*~tactically~*~*~ (hiding).
 47956 | Zot:1    | 47956 ||| Stepping ~*~*~tactically~*~*~ (hiding).
 47957 | Zot:1    | 47957 ||| Stepping ~*~*~tactically~*~*~ (hiding).
 47959 | Zot:1    | 47959 ||| Stepping ~*~*~tactically~*~*~ (hiding).
 48011 | Zot:1    | 48011 ||| Stepping ~*~*~tactically~*~*~ (hiding).
 48332 | Zot:1    | 48332 ||| DROPPING +0 acid dragon scales.
 48361 | Zot:2    | 48361 ||| Stepping ~*~*~tactically~*~*~ (hiding).
 48363 | Zot:2    | 48363 ||| Stepping ~*~*~tactically~*~*~ (hiding).
 48364 | Zot:2    | 48364 ||| Stepping ~*~*~tactically~*~*~ (hiding).
 48366 | Zot:2    | 48366 ||| Stepping ~*~*~tactically~*~*~ (hiding).
 48379 | Zot:2    | 48379 ||| INVOKING Heroism.
 48390 | Zot:2    | Reached skill level 15 in Throwing
 48431 | Zot:2    | 48431 ||| INVOKING Heroism.
 48490 | Zot:2    | 48490 ||| INVOKING Heroism.
 48491 | Zot:2    | HP: 29/183 [green draconian/+0 long sword[a black draconian
                  | knight] (24)]
 48491 | Zot:2    | HP: 13/183 [purple draconian/+0 halberd[a black draconian
                  | knight] (16)]
 48492 | Zot:2    | 48492 ||| READING 12 scrolls of teleportation.
 48492 | Zot:2    | Slain by a purple draconian

Levels and vault maps discovered:
D:1:      co_arrival_random_square_maze, layout_loops_ring,
          minmay_tree_intersection, hangedman_decor_growths
D:2:      layout_loops_corners, minmay_misc_feat_enclosed,
          uniq_crazy_yiuf_cottage
D:3:      minmay_wonky_spiral, layout_basic, ebering_ecumenical_altar_webs,
          uniq_robin
D:4:      layout_cave_pods, serial_shops, shop, grunt_decor_cap, minmay_bisected
D:5:      layout_loops_ring, lemuel_temple_firewalk_a, uniq_blork_the_orc,
          uniq_edmund
D:6:      old_forge, layout_cave_pools, general_overflow_altar,
          grunt_temple_overflow_open, gammafunk_ghost_stat_death,
          gup_sewer_entry_pipe, uniq_eustachio
D:7:      layout_rooms
D:8:      layout_cave_pods, nicolae_kite_square_tiling_tiny, uniq_psyche,
          uniq_prince_ribbit1
D:9:      layout_basic, lair_entry_dummy, minmay_misc_feat_roman,
          minmay_fractal_squares_5, uniq_joseph
D:10:     layout_roguey, grunt_dithmenos_shadows,
          nicolae_gozag_zags_fifth_avenue, minitemple, david_orc_3,
          serial_shops, shop
D:11:     wad_woods_minihive, layout_irregular_city, serial_shops,
          nicolae_take_the_stairs, uniq_lodul
D:12:     layout_gridville, argonaut_gorgonesque
D:13:     layout_irregular_city, kennysheep_generic_room_10
D:14:     minmay_the_grid_square_5x5_3x3 [minmay_the_grid_square_5x5_shuriken,
          minmay_the_grid_square_5x5_minivault,
          minmay_the_grid_square_5x5_one_wall, minmay_the_grid_square_5x5_inset,
          minmay_the_grid_square_5x5_megaprize_crossed,
          minmay_the_grid_square_5x5_two_walls_a,
          minmay_the_grid_square_5x5_trominoes,
          minmay_the_grid_square_5x5_pentomino_r,
          minmay_the_grid_square_5x5_empty], layout_basic, david_vaults_1,
          uniq_frances
D:15:     hangedman_depths_entry_civil_slaughter, layout_small_grid,
          serial_shops, nicolae_shop_statue_plus, gauntlet_entry_generic,
          nicolae_trove_entry_free_sample, nicolae_alphabet_shops,
          nicolae_transporter_intersection
Temple:   jpeg_temple_clearing
Lair:1:   layout_hall_layers, grunt_megastairs_2, serial_bayou_shore_b
Lair:2:   layout_cave_pods, serial_forest, infiniplex_forest_lined_2,
          infiniplex_forest_join, infiniplex_forest_straight_2,
          infiniplex_forest_clump_double, infiniplex_forest_end_3,
          infiniplex_forest_join, infiniplex_forest_end_3
Lair:3:   cheibrodos_lair_river_kwai, layout_long_grid,
          elwin_shoals_entry_rocks, minmay_snake_entry_guardpost_medium,
          enter_volcano_1, gammafunk_ghost_hive, serial_bayou_pond_c,
          bobbens_dragon_lair_wall
Lair:4:   layout_hall_layers, basic_altar
Lair:5:   hangedman_lair_tendril_chambers, layout_cave_pods,
          hangedman_lair_caniforms_friends, slime_entry_1,
          chequers_serial_rivers_small_b, kennysheep_abandoned_house
Shoals:1: layout_shoals, uniq_aizul
Shoals:2: layout_shoals, nicolae_splish_splash
Shoals:3: layout_shoals, nicolae_shoals_circle_sea_wall
Shoals:4: shoals_end_hangedman, layout_shoals, uniq_polyphemus
Snake:1:  gammafunk_its_a_trap, layout_misc_corridors, uniq_donald
Snake:2:  layout_rooms, serial_bayou_shore_a, grunt_megastairs_4
Snake:3:  gammafunk_sealed_arena, layout_misc_corridors,
          ebering_ghost_rock_garden, corexii_hall_statues_i, uniq_louise
Snake:4:  snake_pit_salamanders_mu, layout_cave_town
Orc:1:    layout_diamond_mine
Orc:2:    grunt_orc_tribal_feast, layout_caves, portal_ice_cave_entry_imps,
          minmay_orc_temple_a, uniq_erolcha
Vaults:1: ontoclasm_vaults_ligature, ontoclasm_vaults_tryst,
          ontoclasm_vaults_twist, hangedman_vaults_stagger,
          hangedman_vaults_unwind, st_quartered_hall,
          nicolae_vaults_disjoint_gnomons, nicolae_vaults_alarming,
          ontoclasm_vaults_pinch, v_rooms_4, v_misc_29, layout_vaults_maze_bifur
Vaults:2: infiniplex_enter_wizlab_water, blue_anna_dwarven_crypt,
          vaults_room_corners, vaults_standard_mumra_lines, v_misc_23,
          hangedman_vaults_trim, nicolae_vaults_little_squares_5,
          hangedman_vaults_stretched_pinwheel, dpeg_vaults_monster_box,
          v_alt_pattern_6, nicolae_vaults_diagonal_hallway_8,
          layout_vaults_big_room, serial_shops, shop
Vaults:3: hangedman_vaults_restitches, v_alt_pattern_1, v_misc_17,
          ontoclasm_vaults_misaligned, v_misc_4, v_misc_3, grunt_vaults_swirl,
          nicolae_vaults_twisting_passages, vaults_room_fancy_cross,
          hangedman_vaults_slice, layout_vaults_ring, uniq_boris
Vaults:4: v_misc_17, nicolae_vaults_hallways_thing, ontoclasm_vaults_eye,
          hangedman_vaults_capsules, grunt_vaults_hallway_short, v_misc_29,
          nicolae_vaults_circle_grid_b, hangedman_vaults_maws,
          ontoclasm_vaults_spin, vaults_room_door_ring, vaults_room_corners,
          vaults_dpeg_ring, layout_vaults_omnigrid, serial_shops, shop_coins,
          uniq_margery
Vaults:5: uniq_mara
Depths:1: layout_roguey, nrook_mini_backslash, hellmouth_3,
          lemuel_flamethrower_1
Depths:2: cheibrodos_witchhunters_guild, layout_cave_shapes, abyss_entry,
          pan_entry, hell_entry, serial_bayou_lagoon_a, firewood_loft
Depths:3: hangedman_spin_cycle, serial_shops, hell_entry, abyss_entry
Depths:4: grunt_twist_and_shout, layout_cave_shapes, elyvilon_altar_1,
          pf_hell_entry_great_geh, grunt_decor_arrowhead
Zot:1:    grunt_deathspiral_small, layout_concentric_octagons
Zot:2:    layout_basic, uniq_grunn

Skill      XL: |  1  2  3  4  5  6  7  8  9 10 11 12 13 14 15 16 17 18 19 20 21 22 23 24 25 |
---------------+----------------------------------------------------------------------------+-----
Axes           | 2 3 4 5 6 7 8 10 11 12 13 15 16 18 | 18.0
Shields        | 4 5 6 8 9 10 11 12 13 14 15 16 17 18 19 | 19.9
Fighting       | 4 5 6 8 9 10 11 12 13 14 16 17 18 19 21 22 25 | 25.1
Dodging        | 1 2 4 5 6 7 8 9 10 | 10.4
Armour         | 5 6 7 9 10 11 12 13 16 18 19 21 22 | 22.0
Invocations    | 4 8 10 | 10.0
Throwing       | 1 3 4 5 6 8 9 11 13 14 15 | 15.0

Action                   |  1- 3 |  4- 6 |  7- 9 | 10-12 | 13-15 | 16-18 | 19-21 | 22-24 | 25-27 || total
-------------------------+-------+-------+-------+-------+-------+-------+-------+-------+-------++-------
Melee: War axe           |   137 |   145 |   464 |   475 |       |       |       |    63 |   338 ||  1622
       Broad axe         |       |       |       |    62 |   797 |  1089 |  1302 |  1251 |       ||  4501
       Flail             |       |       |       |     4 |    11 |    12 |       |       |       ||    27
Throw: Boomerang         |       |    44 |    49 |    26 |    75 |    40 |    27 |    57 |       ||   318
       Javelin           |       |       |       |    41 |   137 |    63 |   119 |    71 |    11 ||   442
Invok: Heroism           |       |       |     5 |    26 |    27 |    43 |    34 |    50 |     8 ||   193
       Finesse           |       |       |       |     3 |     7 |    12 |     7 |    19 |     1 ||    49
  Use: Scroll            |     7 |     5 |     4 |    14 |     5 |     1 |     6 |     6 |     2 ||    50
       Potion            |       |     3 |     1 |     6 |       |       |     3 |     4 |     1 ||    18
 Stab: Distracted        |       |       |       |     1 |       |       |       |     1 |       ||     2
       Petrified         |       |       |       |       |       |    29 |       |       |       ||    29
       Petrifying        |       |       |       |       |       |     1 |       |       |       ||     1
Armor: Scale mail        |    60 |    52 |       |       |       |       |       |       |       ||   112
       Chain mail        |       |     4 |    60 |       |       |       |       |       |       ||    64
       Plate armour      |       |       |   164 |   126 |   174 |   100 |       |       |   211 ||   775
       Gold dragon scale |       |       |       |       |       |   266 |   335 |   518 |    14 ||  1133
Dodge: Dodged            |    65 |    48 |    64 |    42 |    64 |   112 |   138 |   239 |    93 ||   865
Block: Buckler           |    25 |    14 |       |       |       |       |       |       |       ||    39
       Kite shield       |       |   107 |   740 |   638 |   756 |  1273 |  1256 |  1554 |   528 ||  6852
       Reflection        |       |       |       |       |       |       |       |    33 |     8 ||    41

Table legend:
 A = Non-vault XP
 B = Vault XP
 C = Vault XP percentage of total XP
 D = Non-vault monster count
 E = Vault monster count
 F = Vault count percentage of total count
                 A         B        C        D         E       F
            +---------+---------+-------+---------+---------+-------
      Total |  512498 |  535601 |  51.1 |    1144 |     840 |  42.3
            +---------+---------+-------+---------+---------+-------
        D:1 |      40 |       0 |   0.0 |      20 |       0 |   0.0
        D:2 |      71 |       0 |   0.0 |      20 |       0 |   0.0
        D:3 |      76 |      41 |  35.0 |      13 |      15 |  53.6
        D:4 |     325 |       6 |   1.8 |      24 |       3 |  11.1
        D:5 |    1387 |     409 |  22.8 |      29 |       3 |   9.4
        D:6 |     882 |     380 |  30.1 |      23 |      17 |  42.5
        D:7 |    1113 |       0 |   0.0 |      26 |       0 |   0.0
        D:8 |    1086 |     695 |  39.0 |      30 |       2 |   6.2
        D:9 |    1801 |    1735 |  49.1 |      19 |       6 |  24.0
       D:10 |    1699 |     441 |  20.6 |      11 |       5 |  31.2
       D:11 |    7559 |    3720 |  33.0 |      19 |      41 |  68.3
       D:12 |    3603 |    3165 |  46.8 |      19 |       7 |  26.9
       D:13 |    5770 |    1684 |  22.6 |      18 |       2 |  10.0
       D:14 |    5133 |   13158 |  71.9 |      17 |      22 |  56.4
       D:15 |   13275 |    4082 |  23.5 |      22 |       6 |  21.4
     Lair:1 |    2805 |     289 |   9.3 |      13 |       2 |  13.3
     Lair:2 |    6427 |       0 |   0.0 |      17 |       0 |   0.0
     Lair:3 |    4714 |    7239 |  60.6 |      12 |      28 |  70.0
     Lair:4 |    7019 |       0 |   0.0 |      25 |       0 |   0.0
     Lair:5 |   28725 |   21537 |  42.8 |      71 |     107 |  60.1
   Shoals:1 |   16813 |    1150 |   6.4 |      35 |       1 |   2.8
   Shoals:2 |   13949 |    2932 |  17.4 |      27 |       4 |  12.9
   Shoals:3 |   24612 |       0 |   0.0 |      44 |       0 |   0.0
   Shoals:4 |   21285 |   31775 |  59.9 |      44 |      48 |  52.2
    Snake:1 |    9896 |    1422 |  12.6 |      23 |       1 |   4.2
    Snake:2 |   24601 |    2639 |   9.7 |      53 |       4 |   7.0
    Snake:3 |   13080 |    1242 |   8.7 |      26 |       1 |   3.7
    Snake:4 |   21487 |   33828 |  61.2 |      43 |      49 |  53.3
      Orc:1 |    2909 |       0 |   0.0 |      24 |       0 |   0.0
      Orc:2 |    1616 |    8877 |  84.6 |      31 |      48 |  60.8
   Vaults:1 |   31070 |   24347 |  43.9 |      41 |      30 |  42.3
   Vaults:2 |   34284 |   24706 |  41.9 |      49 |      31 |  38.8
   Vaults:3 |   23997 |   23400 |  49.4 |      39 |      32 |  45.1
   Vaults:4 |   57557 |   55385 |  49.0 |      80 |      61 |  43.3
   Vaults:5 |    8263 |   85796 |  91.2 |      22 |      79 |  78.2
   Depths:1 |   37046 |   10117 |  21.5 |      47 |      15 |  24.2
   Depths:2 |   21202 |   30128 |  58.7 |      26 |      31 |  54.4
   Depths:3 |    3467 |   73828 |  95.5 |       1 |      73 |  98.6
   Depths:4 |   25541 |   17144 |  40.2 |      18 |      13 |  41.9
      Zot:1 |    8604 |   43426 |  83.5 |       8 |      32 |  80.0
      Zot:2 |   17709 |       0 |   0.0 |      15 |       0 |   0.0
      Sewer |       0 |     160 | 100.0 |       0 |       7 | 100.0
   Gauntlet |       0 |    4718 | 100.0 |       0 |      14 | 100.0
            +---------+---------+-------+---------+---------+-------
